 Dungeon Crawl Stone Soup version 0.30-a0-160-gcfceee88d3 (webtiles) character file.

Game seed: 18121852063575011999

262160 qw the Tortoise (level 20, -3/131 HPs)
             Began as a Gargoyle Fighter on Sept 27, 2022.
             Was a High Priest of Okawaru.
             Slain by an orc warlord
             ... wielding a +0 halberd of venom
              (25 damage)
             ... while paralysed by a great orb of eyes
             ... on level 3 of the Vaults.
             The game lasted 00:20:42 (42826 turns).

qw the Tortoise (Gargoyle Fighter)                 Turns: 42826, Time: 00:20:43

Health: -3/131     AC: 72    Str: 28    XL:     20   Next: 39%
Magic:  0/27       EV:  2    Int: 10    God:    Okawaru [*****.]
Gold:   1097       SH:  0    Dex:  9    Spells: 19/19 levels left

rFire   + . .      SeeInvis +    Y - +7 broad axe (elec)
rCold   + + +      Faith    .    D - +1 tower shield {AC+3}
rNeg    + . .      Spirit   +    y - +9 crystal plate armour {ponderous}
rPois   inf        Reflect  .    s - +2 helmet
rElec   +          Harm     .    t - +0 cloak {rF+}
rCorr   +          Rampage  .    a - +2 pair of gloves
Will    +....                    v - +0 pair of boots
Stlth   ..........               F - amulet "Natrod" {Spirit Contam rC+++ rCorr SInv}
HPRegen 0.31/turn                x - +4 ring of evasion
MPRegen 0.20/turn                C - +4 ring of protection

@: paralysed, heroic, flying, slow
A: sickness immunity, AC +15, big wings, negative energy resistance 1,
electricity resistance, torment resistance 1, petrification resistance
}: 1/15 runes: serpentine
a: Renounce Religion, Heroism, Finesse, Duel


You were on level 3 of the Vaults.
You worshipped Okawaru.
Okawaru was extremely pleased with you.
You visited 7 branches of the dungeon, and saw 33 of its levels.

You collected 3206 gold pieces.
You spent 2109 gold pieces at shops.


Innate Abilities, Weirdness & Mutations

You are immune to sickness and miasma.
Your stone body is resilient. (AC +15)
You are immune to poison.
Your large and strong wings let you fly.
You resist negative energy. (rN+)
You are resistant to electric shocks. (rElec)
You are resistant to unholy torment.
You are immune to petrification.


   Skills:
 - Level 16.0(21.0) Fighting
 - Level 18.0(23.0) Axes
 - Level 9.0(14.0) Throwing
 + Level 19.0(24.0) Armour
 - Level 3.0(8.0) Dodging
 - Level 19.0(24.0) Shields
 - Level 10.0 Invocations


You had 19 spell levels left.
You didn't know any spells.
Your spell library was empty.

Inventory:

Hand Weapons
 Y - a +7 broad axe of electrocution (weapon)
Missiles
 i - 2 silver javelins
 q - 14 boomerangs
 G - 4 javelins (quivered)
Armour
 a - a +2 pair of gloves (worn)
 k - a +1 cloak
 l - the -2 helmet of Okawaru's Esteem {rCorr MP+9}
   (Okawaru gifted it to you on level 3 of the Snake Pit)

   MP:        It affects your magic capacity (+9).
   rCorr:     It protects you from acid and corrosion.
 o - a scarf of resistance
 s - a +2 helmet (worn)
 t - a +0 cloak of fire resistance (worn)
 v - a +0 pair of boots (worn)
 y - a +9 crystal plate armour of ponderousness (worn)
 D - a +1 tower shield of protection (worn)
 E - the +2 robe "Argh" {rF+ rCorr Int-3}
   (You found it on level 1 of the Vaults)

   Int:       It affects your intelligence (-3).
   rF:        It protects you from fire.
   rCorr:     It protects you from acid and corrosion.
Jewellery
 b - a ring of protection from cold
 u - a ring of protection from cold
 x - a +4 ring of evasion (left hand)
 z - a ring of fire
 B - an amulet of reflection
 C - a +4 ring of protection (right hand)
 F - the amulet "Natrod" (around neck) {Spirit Contam rC+++ rCorr SInv}
   (You acquired it on level 2 of the Vaults)

   [amulet of guardian spirit]

   It causes incoming damage to be divided between your reserves of health and
   magic.
   rC:        It renders you almost immune to cold.
   SInv:      It lets you see invisible.
   Contam:    It causes magical contamination when unequipped.
   rCorr:     It protects you from acid and corrosion.
Wands
 c - a wand of digging (7)
Scrolls
 e - 11 scrolls of teleportation
 f - 24 scrolls of identify
Potions
 d - 9 potions of might
 g - 7 potions of curing
 h - 8 potions of lignification
 j - 10 potions of attraction
 m - 2 potions of resistance
 n - 2 potions of heal wounds
 p - 7 potions of haste
 r - 4 potions of mutation
 w - 2 potions of magic
 A - a potion of cancellation

Dungeon Overview and Level Annotations

Branches:
Dungeon (15/15)            Temple (1/1) D:6            Lair (5/5) D:9
  Swamp (3/4) Lair:2        Snake (4/4) Lair:2        Slime (0/5) Lair:5
    Orc (2/2) D:9             Elf (0/3) Orc:2        Vaults (3/5) D:14
  Crypt (0/3) Vaults:2     Depths (0/4) D:15

Altars:
Ashenzari
Cheibriados
Dithmenos
Elyvilon
Fedhas
Gozag
Hepliaklqana
Kikubaaqudgha
Makhleb
Nemelex Xobeh
Okawaru
Qazlal
Ru
Sif Muna
Trog
Uskayaw
Vehumet
Wu Jian
Xom
Yredelemnul
Zin
The Shining One
Jiyva

Shops:
D:7 *   D:11 :   D:15 [   Orc:2 [?:(*   Snake:1 :==   Snake:3 **=

Annotations:
D:10 1 runed translucent door
Swamp:2 2 transporters, Iffuusoj's ghost, adept MiBe
Snake:4 2 transporters, qw's ghost, adept GrFi
Orc:1 1 runed translucent door
Vaults:1 36 runed doors


Message History

Lightning courses through the orc knight!
You slash the vault warden!
The vault warden is severely wounded.
You slash the orc knight! You slice the yaktaur!!
You kill the yaktaur!
Okawaru accepts your kill. You block the vault warden's attack.
The orc knight hits you from afar with a +0 halberd!
You block the orc knight's attack.
You slash the vault warden!
The vault warden is almost dead.
You slice the great orb of eyes!!
Lightning courses through the great orb of eyes!
You barely miss the ironbound convoker. You slash the orc knight!
You block the orc knight's attack. The orc knight closely misses you.
The great orb of eyes gazes at you.
You suddenly lose the ability to move!
The vault warden hits you with a +2 glaive!
The ironbound convoker hits you but does no damage.
The orc knight hits you but does no damage. x2
The great orb of eyes bites you!
The vault warden hits you with a +2 glaive.
The ironbound convoker hits you with a +0 mace.
The orc knight hits you from afar with a +0 halberd!!
The orc knight hits you with a +3 long sword!
The great orb of eyes gazes at you. You resist with significant effort.
The vault warden activates a sealing rune.
A door slams shut!
The ironbound convoker hits you but does no damage.
The orc knight hits you but does no damage. x2
The orc warlord hits you from afar with a +0 halberd of venom!!
The great orb of eyes gazes at you.
You feel your power leaking away.
The vault warden hits you with a +2 glaive.
The ironbound convoker hits you with a +0 mace!
The vault warden hits you but does no damage.
The orc knight hits you but does no damage.
The orc warlord hits you from afar with a +0 halberd of venom!!
You die...

...[............###########'#####
.................................
................................[
############.....................
### #.........############ ..#
#..###+#### ....# ..# #..#.Too..#
...# ..# #..#ppo...# ######..#
.## #..#)@G...# #.pp.#..#
..##########..#..c...+ +....'..#
..##.......#..#.<....# +....'..#
..##.......#.p#......+ #....#..#
.###.......#..#......# ######p.+
..##.......#..####+### #.......#
..##.......'.........# #.......#
..##.......#.........######'#####
####.......#............p.p.....#


You could see an orc warlord (strong), a vault warden, 2 orc knights, a great
orb of eyes (strong), a deep troll, an ironbound convoker and a yaktaur.

Vanquished Creatures
  Margery (Vaults:2)
  Jory (Vaults:2)
  An acid blob (Snake:4)
  Kirke (Swamp:3)
  A thorn hunter (Swamp:3)
  Frances (Snake:1)
  Roxanne (Snake:4)
  A fire giant (Vaults:1)
  3 nagarajas
  Aizul (Snake:4)
  3 vault wardens
  3 orc warlords
  A very ugly thing (shapeshifter) (Vaults:2)
  2 stone giants (Vaults:2)
  3 ironbound preservers
  3 very ugly things
  2 war gargoyles (Vaults:2)
  3 ironbound thunderhulks (Vaults:1)
  Nessos (D:15)
  2 bunyips
  15 dire elephants
  A deep elf death mage (Vaults:2)
  Josephine (D:13)
  An ettin (Orc:2)
  2 entropy weavers
  Fannar (Orc:1)
  8 yaktaur captains
  2 great orbs of eyes (Vaults:2)
  Erolcha (Orc:1)
  10 hydras
  A peacekeeper (Vaults:2)
  7 vault guards
  3 ghost crabs
  3 boulder beetles
  5 catoblepae
  3 salamander tyrants (Snake:4)
  11 anacondas
  Erica (Lair:1)
  6 ironbound frosthearts
  3 alligators
  2 death knights (Vaults:2)
  7 centaur warriors
  6 two-headed ogres
  A tengu warrior (D:14)
  24 death yaks
  16 naga warriors
  An orc high priest (Orc:2)
  14 shock serpents
  8 naga sharpshooters
  5 hell knights (Vaults:2)
  Nergalle (D:10)
  5 salamander mystics (Snake:4)
  2 goliath frogs (Swamp:1)
  4 bog bodies
  A sea snake (shapeshifter) (Vaults:1)
  4 naga ritualists
  11 deep trolls
  A deep troll (shapeshifter) (D:14)
  3 wizards
  7 lindwurms
  15 orc knights
  7 harpies
  9 ironbound convokers
  A sphinx zombie (Vaults:2)
  5 necromancers
  23 ugly things
  A wolf spider (D:13)
  An ugly thing (shapeshifter) (Vaults:1)
  32 salamanders
  8 mana vipers
  7 cyclopes
  5 manticores
  3 will-o-the-wisps (Swamp:1)
  13 orc sorcerers
  31 slime creatures
  20 elephants
  33 black mambas
  24 naga magi
  11 guardian serpents
  A torpor snail (Lair:5)
  2 gargoyles (D:14)
  9 vault sentinels
  13 cane toads
  A centaur skeleton (D:15)
  2 rime drakes
  10 komodo dragons
  22 yaktaurs
  4 freezing wraiths
  2 efreet
  2 tengu conjurers (D:14)
  A queen bee (shapeshifter) (Vaults:1)
  10 trolls
  A harpy zombie (D:15)
  3 meliai (D:12)
  8 tyrant leeches
  9 hornets
  32 blink frogs
  10 saltlings (Orc:2)
  A harpy skeleton (D:15)
  A jumping spider (Vaults:2)
  An elf skeleton (Vaults:2)
  3 vampires
  A centaur simulacrum (D:15)
  6 spriggans
  36 yaks
  4 shadows
  6 wraiths
  3 wyverns
  5 hogs (Swamp:3)
  Grum (D:9)
  3 basilisks
  14 vampire mosquitoes
  2 humans
  4 redbacks
  10 swamp worms
  2 wargs
  46 nagas
  16 water moccasins
  Edmund (D:6)
  2 acid dragons (D:11)
  36 orc warriors
  An ice beast (shapeshifter) (D:15)
  4 ice beasts
  An ettin simulacrum (Vaults:2)
  A black bear (D:5)
  4 ogres
  15 wolves
  7 centaurs
  A phantom (D:5)
  4 kobold brigands
  Blork the orc (D:4)
  15 bullfrogs
  2 necrophages
  A scorpion (Lair:1)
  21 wights
  6 killer bees
  6 howler monkeys
  A gnoll bouda (D:5)
  A hound (D:5)
  18 orc priests
  7 jellies
  Ijyb (D:3)
  6 iguanas
  38 orc wizards
  5 hell rats (Lair:5)
  2 yak simulacra (Lair:5)
  3 wolf simulacra (Lair:5)
  4 polar bear simulacra (Lair:5)
  A boggart simulacrum (D:15)
  9 gnolls
  8 adders
  A white imp (D:6)
  An ufetubus (D:5)
  116 orcs
  13 endoplasms
  5 giant cockroaches
  9 goblins
  12 hobgoblins
  7 jackals
  4 quokkas
  5 ball pythons
  6 bats
  4 frilled lizards
  23 kobolds
  4 rats
  2 river rat simulacra (Lair:5)
  10 briar patches (Swamp:3)
  4 pillars of salt (Orc:2)
1258 creatures vanquished.

Vanquished Creatures (others)
  Mlioglotl (Swamp:3)
  An alligator (Swamp:2)
  A naga sharpshooter (Snake:3)
  A salamander mystic (Snake:4)
  2 wizards
  A bloated husk (Swamp:2)
  A blink frog (Lair:5)
  A spriggan (Swamp:3)
  A swamp worm (Swamp:3)
  A bush (Lair:5)
  26 foxfires (Swamp:1)
  20 fungi
  3 pillars of salt (Orc:2)
  30 plants
  5 toadstools (D:15)
95 creatures vanquished.

Grand Total: 1353 creatures vanquished

Notes
Turn   | Place    | Note
-------+----------+-------------------------------------------
     0 | D:1      | qw the Gargoyle Fighter began the quest for the Orb.
     0 | D:1      | Reached XP level 1. HP: 14/14 MP: 1/1
     0 | D:1      | 0 ||| qw: Version: 0.2-a-10-g37ed214
     0 | D:1      | 0 ||| qw: Game counter: 604
     0 | D:1      | 0 ||| qw: Always use a shield: true
     0 | D:1      | 0 ||| qw: God list: Okawaru
     0 | D:1      | 0 ||| qw: Allow faded altars: false
     0 | D:1      | 0 ||| qw: Do Orc after D:15 true
     0 | D:1      | 0 ||| qw: Do second Lair branch before Depths: true
     0 | D:1      | 0 ||| qw: Lair rune preference: random
     0 | D:1      | 0 ||| qw: Plans: Normal, Zot:1-4, God:TSO, Crypt, Tomb,
                  | Pan, Slime:5, Hells, Abyss, Orb
     0 | D:1      | 0 ||| PLANNING D:1-11
    67 | D:1      | Reached XP level 2. HP: 18/19 MP: 2/2
   324 | D:1      | 324 ||| Stepping ~*~*~tactically~*~*~ (stealth).
   332 | D:1      | Reached skill level 3 in Axes
   373 | D:1      | 373 ||| Stepping ~*~*~tactically~*~*~ (stealth).
   383 | D:1      | Reached XP level 3. HP: 17/23 MP: 3/3
   552 | D:1      | 552 ||| Stepping ~*~*~tactically~*~*~ (stealth).
   588 | D:1      | 588 ||| UPGRADING to +0 cloak.
   593 | D:1      | 593 ||| READING scroll labelled RAMMONEGEI.
   594 | D:1      | 594 ||| READING scroll labelled FEGYURCH VEADAEWKI.
   595 | D:1      | 595 ||| READING scroll labelled ASMALA FEM ROY.
   596 | D:1      | 596 ||| READING scroll labelled COGESE WAMMIG.
   597 | D:1      | 597 ||| READING scroll labelled CIVINO FAYLID.
   598 | D:1      | 598 ||| DRINKING 2 fuming grey potions.
   802 | D:2      | 802 ||| Stepping ~*~*~tactically~*~*~ (stealth).
   815 | D:2      | 815 ||| Stepping ~*~*~tactically~*~*~ (stealth).
   820 | D:2      | 820 ||| Stepping ~*~*~tactically~*~*~ (stealth).
   831 | D:2      | 831 ||| Stepping ~*~*~tactically~*~*~ (stealth).
   885 | D:2      | 885 ||| Stepping ~*~*~tactically~*~*~ (stealth).
   988 | D:2      | 988 ||| Stepping ~*~*~tactically~*~*~ (stealth).
  1155 | D:2      | Found a faded altar of an unknown god.
  1457 | D:2      | Reached XP level 4. HP: 28/28 MP: 4/4
  1601 | D:2      | Identified the +5 whip "Moaczed" {venom, rC+ Str-5 Int+5
                  | Dex+4}
  1603 | D:2      | 1603 ||| DROPPING +0 whip.
  1735 | D:2      | 1735 ||| UPGRADING to +2 pair of gloves.
  1740 | D:2      | 1740 ||| DROPPING ring of magical power.
  1741 | D:2      | 1741 ||| UPGRADING to +6 ring of strength.
  1742 | D:2      | 1742 ||| DRINKING 2 white potions.
  1743 | D:2      | 1743 ||| DRINKING 2 red potions.
  1744 | D:2      | 1744 ||| DROPPING potion of degeneration.
  1776 | D:3      | 1776 ||| Stepping ~*~*~tactically~*~*~ (stealth).
  1780 | D:3      | 1780 ||| Stepping ~*~*~tactically~*~*~ (stealth).
  1781 | D:3      | 1781 ||| STAIRDANCE
  1812 | D:3      | 1812 ||| STAIRDANCE
  1847 | D:3      | 1847 ||| Stepping ~*~*~tactically~*~*~ (stealth).
  1848 | D:3      | 1848 ||| Stepping ~*~*~tactically~*~*~ (stealth).
  1861 | D:3      | 1861 ||| FLEEEEING.
  1864 | D:3      | 1864 ||| Stepping ~*~*~tactically~*~*~ (stealth).
  1867 | D:3      | 1867 ||| Stepping ~*~*~tactically~*~*~ (stealth).
  1883 | D:3      | 1883 ||| Stepping ~*~*~tactically~*~*~ (stealth).
  1884 | D:3      | 1884 ||| Stepping ~*~*~tactically~*~*~ (stealth).
  1968 | D:3      | 1968 ||| Stepping ~*~*~tactically~*~*~ (hiding).
  1985 | D:3      | 1985 ||| Stepping ~*~*~tactically~*~*~ (stealth).
  1987 | D:3      | 1987 ||| Stepping ~*~*~tactically~*~*~ (stealth).
  1988 | D:3      | 1988 ||| Stepping ~*~*~tactically~*~*~ (stealth).
  1998 | D:3      | Reached XP level 5. HP: 32/32 MP: 5/5
  2064 | D:3      | You fall into a shaft and drop 3 floors!
  2078 | D:6      | Noticed an ice beast
  2086 | D:6      | Killed an ice beast
  2092 | D:6      | Noticed Edmund
  2113 | D:6      | Killed Edmund
  2114 | D:6      | Reached XP level 6. HP: 13/39 MP: 6/6
  2309 | D:6      | 2309 ||| DROPPING +5 whip "Moaczed" {venom, rC+ Str-5 Int+5
                  | Dex+4}.
  2352 | D:6      | Reached skill level 1 in Dodging
  2505 | D:6      | 2505 ||| DROPPING +4 flail of protection.
  2507 | D:6      | 2507 ||| READING scroll labelled HEICOHUCKO.
  2508 | D:6      | 2508 ||| DRINKING 2 inky potions.
  2509 | D:6      | 2509 ||| READING 2 scrolls of identify.
  2509 | D:6      | 2509 ||| IDENTIFYING silvery potion
  2510 | D:6      | 2510 ||| DROPPING potion of invisibility.
  2519 | D:5      | Entered Level 5 of the Dungeon
  2526 | D:5      | Reached XP level 7. HP: 44/44 MP: 7/7
  2533 | D:5      | Reached skill level 6 in Axes
  2714 | D:5      | 2714 ||| UPGRADING to +0 chain mail.
  2724 | D:5      | 2724 ||| DROPPING +0 scale mail.
  2725 | D:5      | 2725 ||| READING scroll labelled YHIBIU JUTAOHO.
  2864 | D:4      | Noticed Blork the orc
  2865 | D:4      | 2865 ||| Stepping ~*~*~tactically~*~*~ (hiding).
  2873 | D:4      | Killed Blork the orc
  3112 | D:4      | 3112 ||| READING scroll labelled LIDWU QUCOUL.
  3113 | D:4      | 3113 ||| DRINKING 2 pink potions.
  3114 | D:4      | 3114 ||| READING 2 scrolls of identify.
  3114 | D:4      | 3114 ||| IDENTIFYING black potion
  3187 | D:3      | Noticed Ijyb
  3188 | D:3      | 3188 ||| Stepping ~*~*~tactically~*~*~ (stealth).
  3191 | D:3      | 3191 ||| Stepping ~*~*~tactically~*~*~ (stealth).
  3209 | D:3      | Killed Ijyb
  3299 | D:3      | 3299 ||| Stepping ~*~*~tactically~*~*~ (stealth).
  3358 | D:3      | 3358 ||| Stepping ~*~*~tactically~*~*~ (stealth).
  3471 | D:3      | 3471 ||| Stepping ~*~*~tactically~*~*~ (stealth).
  3473 | D:3      | 3473 ||| Stepping ~*~*~tactically~*~*~ (hiding).
  3805 | D:3      | 3805 ||| READING scroll labelled DEAWKA ANUOH.
  3934 | D:4      | 3934 ||| STAIRDANCE
  4038 | D:4      | 4038 ||| Stepping ~*~*~tactically~*~*~ (stealth).
  4044 | D:4      | 4044 ||| FLEEEEING.
  4045 | D:4      | 4045 ||| FLEEEEING.
  4046 | D:4      | 4046 ||| FLEEEEING.
  4108 | D:4      | 4108 ||| READING scroll of enchant armour.
  4108 | D:4      | 4108 ||| ENCHANTING +0 cloak.
  4137 | D:4      | Reached XP level 8. HP: 49/49 MP: 8/8
  4325 | D:4      | 4325 ||| Stepping ~*~*~tactically~*~*~ (stealth).
  4331 | D:4      | 4331 ||| Stepping ~*~*~tactically~*~*~ (stealth).
  4334 | D:4      | 4334 ||| Stepping ~*~*~tactically~*~*~ (stealth).
  4335 | D:4      | 4335 ||| Stepping ~*~*~tactically~*~*~ (stealth).
  4342 | D:4      | 4342 ||| Stepping ~*~*~tactically~*~*~ (stealth).
  4343 | D:4      | 4343 ||| Stepping ~*~*~tactically~*~*~ (stealth).
  4344 | D:4      | 4344 ||| Stepping ~*~*~tactically~*~*~ (stealth).
  4349 | D:4      | 4349 ||| Stepping ~*~*~tactically~*~*~ (stealth).
  4358 | D:4      | 4358 ||| Stepping ~*~*~tactically~*~*~ (hiding).
  4360 | D:4      | 4360 ||| Stepping ~*~*~tactically~*~*~ (hiding).
  4698 | D:4      | 4698 ||| UPGRADING to +0 plate armour.
  4708 | D:4      | 4708 ||| DROPPING +0 chain mail.
  4709 | D:4      | 4709 ||| READING 2 scrolls of identify.
  4709 | D:4      | 4709 ||| IDENTIFYING bubbling black potion
  4710 | D:4      | 4710 ||| DROPPING potion of brilliance.
  4810 | D:5      | 4810 ||| DRINKING 3 potions of curing.
  4810 | D:5      | 4810 ||| (to cure confusion)
  4811 | D:5      | HP: 12/49 [something/puff of flame (9)]
  4812 | D:5      | 4812 ||| DRINKING 3 potions of heal wounds.
  4953 | D:5      | Identified the +1 chain mail of Viumau Xylli {Rampage}
  5191 | D:5      | 5191 ||| Stepping ~*~*~tactically~*~*~ (stealth).
  5288 | D:5      | 5288 ||| DROPPING +1 chain mail of Viumau Xylli {Rampage}.
  5348 | D:6      | 5348 ||| Stepping ~*~*~tactically~*~*~ (hiding).
  5349 | D:6      | 5349 ||| Stepping ~*~*~tactically~*~*~ (hiding).
  5375 | D:6      | 5375 ||| FLEEEEING.
  5391 | D:6      | Reached skill level 6 in Fighting
  5584 | D:6      | Found a staircase to the Ecumenical Temple.
  5585 | D:6      | 5585 ||| PLANNING TEMPLE
  5589 | D:6      | Reached XP level 9. HP: 56/56 MP: 9/9
  5589 | D:6      | 5589 ||| UPGRADING to amulet of the acrobat.
  5594 | D:6      | 5594 ||| READING 2 scrolls labelled HUQOUR JARE.
  5595 | D:6      | 5595 ||| READING 4 scrolls of identify.
  5595 | D:6      | 5595 ||| IDENTIFYING viscous cyan potion
  5596 | D:6      | 5596 ||| READING 3 scrolls of identify.
  5596 | D:6      | 5596 ||| IDENTIFYING bubbling coppery potion
  5597 | D:6      | 5597 ||| DROPPING potion of flight.
  5598 | D:6      | 5598 ||| DROPPING scroll of magic mapping.
  5603 | Temple   | Entered the Ecumenical Temple
  5605 | Temple   | 5605 ||| PLANNING OKAWARU WORSHIP
  5628 | Temple   | Became a worshipper of Warmaster Okawaru
  5629 | Temple   | 5629 ||| PLANNING D:1-11
  5774 | D:6      | 5774 ||| Stepping ~*~*~tactically~*~*~ (hiding).
  5775 | D:6      | 5775 ||| Stepping ~*~*~tactically~*~*~ (hiding).
  5778 | D:6      | 5778 ||| Stepping ~*~*~tactically~*~*~ (hiding).
  5779 | D:6      | 5779 ||| Stepping ~*~*~tactically~*~*~ (hiding).
  5780 | D:6      | 5780 ||| Stepping ~*~*~tactically~*~*~ (hiding).
  5813 | D:6      | 5813 ||| Stepping ~*~*~tactically~*~*~ (hiding).
  5814 | D:6      | 5814 ||| Stepping ~*~*~tactically~*~*~ (hiding).
  5816 | D:6      | 5816 ||| Stepping ~*~*~tactically~*~*~ (hiding).
  5822 | D:6      | 5822 ||| Stepping ~*~*~tactically~*~*~ (hiding).
  5823 | D:6      | 5823 ||| Stepping ~*~*~tactically~*~*~ (hiding).
  5824 | D:6      | 5824 ||| Stepping ~*~*~tactically~*~*~ (hiding).
  5835 | D:6      | Reached skill level 9 in Axes
  5972 | D:7      | 5972 ||| STAIRDANCE
  5980 | D:7      | 5980 ||| STAIRDANCE
  6000 | D:7      | Reached * piety under Okawaru
  6084 | D:7      | 6084 ||| INVOKING Heroism.
  6086 | D:7      | Reached skill level 1 in Invocations
  6122 | D:7      | 6122 ||| INVOKING Heroism.
  6148 | D:7      | Noticed a hornet
  6157 | D:7      | Killed a hornet
  6158 | D:7      | Reached skill level 6 in Armour
  6223 | D:7      | Found Tuzuavaf's Fire Supplies.
  6242 | D:7      | 6242 ||| INVOKING Heroism.
  6257 | D:7      | Reached skill level 3 in Invocations
  6282 | D:7      | 6282 ||| BUYING +0 cloak of fire resistance (161 gold).
  6282 | D:7      | Bought a +0 cloak of fire resistance for 161 gold pieces
  6282 | D:7      | 6282 ||| SHOPLISTING +0 fire dragon scales (840 gold, have
                  | 154).
  6282 | D:7      | 6282 ||| SHOPLISTING +2 chain mail of fire resistance (301
                  | gold, have 154).
  6282 | D:7      | 6282 ||| SHOPLISTING +2 cloak of fire resistance (301 gold,
                  | have 154).
  6331 | D:7      | Reached skill level 1 in Throwing
  6493 | D:7      | 6493 ||| INVOKING Heroism.
  6704 | D:7      | 6704 ||| Stepping ~*~*~tactically~*~*~ (hiding).
  6706 | D:7      | 6706 ||| INVOKING Heroism.
  6707 | D:7      | 6707 ||| INVOKING Heroism.
  7265 | D:7      | 7265 ||| UPGRADING to +0 cloak of fire resistance.
  7275 | D:7      | 7275 ||| UPGRADING to ring of protection from cold.
  7276 | D:7      | 7276 ||| READING scroll labelled FER TEXOOTIEMA.
  7277 | D:7      | 7277 ||| READING 2 scrolls labelled WIMMEM JYSIPS.
  7278 | D:7      | 7278 ||| READING scroll labelled XAIHUCR AMEICK.
  7279 | D:7      | 7279 ||| DROPPING scroll of poison.
  7357 | D:8      | 7357 ||| Stepping ~*~*~tactically~*~*~ (stealth).
  7364 | D:8      | 7364 ||| INVOKING Heroism.
  7368 | D:8      | Reached XP level 10. HP: 58/63 MP: 10/13
  7493 | D:8      | 7493 ||| INVOKING Heroism.
  7531 | D:8      | 7531 ||| Stepping ~*~*~tactically~*~*~ (stealth).
  7584 | D:8      | 7584 ||| INVOKING Heroism.
  7698 | D:8      | Reached ** piety under Okawaru
  7717 | D:8      | 7717 ||| Stepping ~*~*~tactically~*~*~ (stealth).
  7719 | D:8      | 7719 ||| Stepping ~*~*~tactically~*~*~ (stealth).
  7726 | D:8      | 7726 ||| FLEEEEING.
  7727 | D:8      | 7727 ||| FLEEEEING.
  7728 | D:8      | 7728 ||| FLEEEEING.
  7729 | D:8      | 7729 ||| FLEEEEING.
  7731 | D:8      | 7731 ||| FLEEEEING.
  7732 | D:8      | 7732 ||| FLEEEEING.
  7733 | D:8      | 7733 ||| FLEEEEING.
  7734 | D:8      | 7734 ||| FLEEEEING.
  7735 | D:8      | 7735 ||| FLEEEEING.
  7738 | D:8      | 7738 ||| FLEEEEING.
  7739 | D:8      | 7739 ||| STAIRDANCE
  7808 | D:8      | 7808 ||| DROPPING +0 morningstar.
  7811 | D:8      | 7811 ||| READING scroll of enchant weapon.
  7811 | D:8      | 7811 ||| ENCHANTING +1 vorpal war axe.
  7918 | D:8      | 7918 ||| INVOKING Heroism.
  7929 | D:8      | 7929 ||| Stepping ~*~*~tactically~*~*~ (stealth).
  8026 | D:8      | Found a radiant altar of Vehumet.
  8054 | D:8      | Found a blossoming altar of Fedhas.
  8088 | D:8      | 8088 ||| READING scroll labelled RUNNAT IH ZUAN.
  8118 | D:9      | Found a sacrificial altar of Ru.
  8191 | D:9      | 8191 ||| INVOKING Heroism.
  8266 | D:9      | 8266 ||| INVOKING Heroism.
  8269 | D:9      | 8269 ||| DRINKING 2 potions of curing.
  8269 | D:9      | 8269 ||| (to cure confusion)
  8276 | D:9      | 8276 ||| DRINKING potion of curing.
  8276 | D:9      | 8276 ||| (to cure confusion)
  8286 | D:9      | 8286 ||| INVOKING Heroism.
  8312 | D:9      | 8312 ||| FLEEEEING.
  8313 | D:9      | 8313 ||| FLEEEEING.
  8314 | D:9      | 8314 ||| FLEEEEING.
  8316 | D:9      | 8316 ||| FLEEEEING.
  8317 | D:9      | 8317 ||| FLEEEEING.
  8318 | D:9      | 8318 ||| FLEEEEING.
  8319 | D:9      | 8319 ||| FLEEEEING.
  8320 | D:9      | 8320 ||| FLEEEEING.
  8321 | D:9      | 8321 ||| FLEEEEING.
  8322 | D:9      | 8322 ||| FLEEEEING.
  8323 | D:9      | 8323 ||| FLEEEEING.
  8324 | D:9      | 8324 ||| FLEEEEING.
  8325 | D:9      | 8325 ||| FLEEEEING.
  8326 | D:9      | 8326 ||| FLEEEEING.
  8327 | D:9      | 8327 ||| FLEEEEING.
  8328 | D:9      | 8328 ||| FLEEEEING.
  8329 | D:9      | 8329 ||| FLEEEEING.
  8330 | D:9      | 8330 ||| FLEEEEING.
  8331 | D:9      | 8331 ||| FLEEEEING.
  8333 | D:9      | 8333 ||| FLEEEEING.
  8334 | D:9      | 8334 ||| FLEEEEING.
  8335 | D:9      | 8335 ||| FLEEEEING.
  8336 | D:9      | 8336 ||| FLEEEEING.
  8337 | D:9      | 8337 ||| FLEEEEING.
  8338 | D:9      | 8338 ||| FLEEEEING.
  8339 | D:9      | 8339 ||| FLEEEEING.
  8341 | D:9      | 8341 ||| FLEEEEING.
  8342 | D:9      | 8342 ||| FLEEEEING.
  8343 | D:9      | 8343 ||| FLEEEEING.
  8344 | D:9      | 8344 ||| FLEEEEING.
  8347 | D:9      | 8347 ||| FLEEEEING.
  8348 | D:9      | 8348 ||| FLEEEEING.
  8349 | D:9      | 8349 ||| FLEEEEING.
  8351 | D:9      | 8351 ||| FLEEEEING.
  8352 | D:9      | 8352 ||| FLEEEEING.
  8353 | D:9      | 8353 ||| FLEEEEING.
  8354 | D:9      | 8354 ||| FLEEEEING.
  8355 | D:9      | 8355 ||| FLEEEEING.
  8356 | D:9      | 8356 ||| FLEEEEING.
  8357 | D:9      | 8357 ||| FLEEEEING.
  8358 | D:9      | 8358 ||| FLEEEEING.
  8359 | D:9      | 8359 ||| FLEEEEING.
  8360 | D:9      | 8360 ||| FLEEEEING.
  8361 | D:9      | 8361 ||| FLEEEEING.
  8362 | D:9      | 8362 ||| STAIRDANCE
  8411 | D:8      | 8411 ||| READING 6 scrolls of identify.
  8411 | D:8      | 8411 ||| IDENTIFYING purple potion
  8438 | D:9      | Found a staircase to the Lair.
  8452 | D:9      | 8452 ||| INVOKING Heroism.
  8534 | D:9      | Found a staircase to the Orcish Mines.
  8625 | D:9      | 8625 ||| Stepping ~*~*~tactically~*~*~ (hiding).
  8681 | D:9      | 8681 ||| Stepping ~*~*~tactically~*~*~ (stealth).
  8684 | D:9      | Found an opulent altar of Gozag.
  8685 | D:9      | 8685 ||| Stepping ~*~*~tactically~*~*~ (stealth).
  8699 | D:9      | 8699 ||| Stepping ~*~*~tactically~*~*~ (stealth).
  8701 | D:9      | 8701 ||| INVOKING Heroism.
  8708 | D:9      | Reached *** piety under Okawaru
  8732 | D:9      | 8732 ||| INVOKING Heroism.
  8881 | D:9      | Found an ornate altar of the Wu Jian Council.
  8896 | D:9      | 8896 ||| Stepping ~*~*~tactically~*~*~ (stealth).
  8905 | D:9      | Reached XP level 11. HP: 61/69 MP: 14/14
  8911 | D:9      | Reached skill level 9 in Fighting
  9119 | D:9      | Identified the +1 robe of Vuanneh {Rampage rPois Will-
                  | Str-2}
  9151 | D:9      | 9151 ||| INVOKING Heroism.
  9215 | D:9      | Noticed Grum
  9215 | D:9      | 9215 ||| INVOKING Heroism.
  9230 | D:9      | Killed Grum
  9493 | D:9      | 9493 ||| PLANNING LAIR
  9531 | Lair:1   | Entered Level 1 of the Lair of Beasts
  9581 | Lair:1   | 9581 ||| INVOKING Heroism.
  9587 | Lair:1   | Received a gift from Okawaru
  9587 | Lair:1   | Reached **** piety under Okawaru
  9710 | Lair:1   | 9710 ||| INVOKING Heroism.
  9887 | Lair:1   | 9887 ||| INVOKING Heroism.
 10163 | Lair:1   | 10163 ||| Stepping ~*~*~tactically~*~*~ (stealth).
 10165 | Lair:1   | 10165 ||| INVOKING Heroism.
 10172 | Lair:1   | Received a gift from Okawaru
 10196 | Lair:1   | Noticed Erica
 10197 | Lair:1   | 10197 ||| INVOKING Heroism.
 10204 | Lair:1   | Killed Erica
 10496 | Lair:1   | 10496 ||| UPGRADING to +0 pair of boots.
 10533 | Lair:2   | 10533 ||| INVOKING Heroism.
 10534 | Lair:2   | 10534 ||| STAIRDANCE
 10550 | Lair:2   | 10550 ||| STAIRDANCE
 10554 | Lair:1   | Reached skill level 6 in Invocations
 10649 | Lair:2   | 10649 ||| Stepping ~*~*~tactically~*~*~ (hiding).
 10650 | Lair:2   | 10650 ||| Stepping ~*~*~tactically~*~*~ (hiding).
 10652 | Lair:2   | Found a staircase to the Snake Pit.
 10695 | Lair:2   | 10695 ||| INVOKING Heroism.
 10705 | Lair:2   | Reached skill level 12 in Axes
 10884 | Lair:2   | 10884 ||| INVOKING Heroism.
 10910 | Lair:2   | Reached skill level 6 in Shields
 10910 | Lair:2   | Reached ***** piety under Okawaru
 11099 | Lair:2   | 11099 ||| INVOKING Heroism.
 11176 | Lair:2   | 11176 ||| INVOKING Heroism.
 11180 | Lair:2   | Reached XP level 12. HP: 68/76 MP: 14/17
 11264 | Lair:2   | Found a staircase to the Swamp.
 11504 | Lair:2   | 11504 ||| UPGRADING to +0 tower shield.
 11514 | Lair:2   | 11514 ||| DROPPING +0 buckler.
 11515 | Lair:2   | 11515 ||| READING scroll labelled HOESHR WARIDU.
 11605 | Lair:3   | 11605 ||| PLANNING GAUNTLET
 11607 | Lair:3   | 11607 ||| STAIRDANCE
 11714 | Lair:3   | 11714 ||| Stepping ~*~*~tactically~*~*~ (stealth).
 11727 | Lair:3   | 11727 ||| INVOKING Heroism.
 11774 | Lair:3   | 11774 ||| INVOKING Heroism.
 12003 | Lair:3   | 12003 ||| Stepping ~*~*~tactically~*~*~ (hiding).
 12072 | Lair:3   | 12072 ||| RIP GAUNTLET
 12109 | Lair:3   | 12109 ||| PLANNING LAIR
 12141 | Lair:3   | 12141 ||| INVOKING Heroism.
 12512 | Lair:3   | 12512 ||| Stepping ~*~*~tactically~*~*~ (stealth).
 12513 | Lair:3   | 12513 ||| INVOKING Heroism.
 12517 | Lair:3   | 12517 ||| Stepping ~*~*~tactically~*~*~ (stealth).
 12951 | Lair:3   | 12951 ||| UPGRADING to +5 crystal plate armour of
                  | ponderousness.
 12961 | Lair:3   | 12961 ||| DROPPING +0 plate armour.
 12962 | Lair:3   | 12962 ||| READING scroll labelled NIWOLI ZIMUM.
 12963 | Lair:3   | 12963 ||| READING 11 scrolls of identify.
 12963 | Lair:3   | 12963 ||| IDENTIFYING fuming red potion
 12964 | Lair:3   | 12964 ||| DROPPING potion of ambrosia.
 13008 | Lair:4   | Noticed a death yak
 13008 | Lair:4   | Noticed a death yak
 13008 | Lair:4   | Noticed a death yak
 13009 | Lair:4   | 13009 ||| INVOKING Heroism.
 13010 | Lair:4   | 13010 ||| INVOKING Finesse.
 13023 | Lair:4   | Killed a death yak
 13024 | Lair:4   | Reached skill level 9 in Invocations
 13028 | Lair:4   | Killed a death yak
 13035 | Lair:4   | 13035 ||| Stepping ~*~*~tactically~*~*~ (stealth).
 13040 | Lair:4   | Killed a death yak
 13064 | Lair:4   | 13064 ||| INVOKING Heroism.
 13089 | Lair:4   | 13089 ||| Stepping ~*~*~tactically~*~*~ (stealth).
 13100 | Lair:4   | 13100 ||| INVOKING Heroism.
 13120 | Lair:4   | Reached skill level 9 in Shields
 13228 | Lair:4   | 13228 ||| Stepping ~*~*~tactically~*~*~ (stealth).
 13230 | Lair:4   | 13230 ||| INVOKING Heroism.
 13476 | Lair:4   | Noticed a seven-headed hydra
 13477 | Lair:4   | 13477 ||| INVOKING Heroism.
 13478 | Lair:4   | 13478 ||| SWAPPING to +2 morningstar of freezing.
 13479 | Lair:4   | 13479 ||| INVOKING Finesse.
 13483 | Lair:4   | Killed a seven-headed hydra
 13484 | Lair:4   | 13484 ||| SWAPPING to +2 vorpal war axe.
 13546 | Lair:4   | Reached XP level 13. HP: 65/80 MP: 20/20
 13833 | Lair:4   | 13833 ||| INVOKING Heroism.
 13834 | Lair:4   | 13834 ||| SWAPPING to +2 morningstar of freezing.
 13835 | Lair:4   | 13835 ||| INVOKING Finesse.
 13841 | Lair:4   | 13841 ||| Stepping ~*~*~tactically~*~*~ (stealth).
 13842 | Lair:4   | 13842 ||| SWAPPING to +2 vorpal war axe.
 13843 | Lair:4   | 13843 ||| Stepping ~*~*~tactically~*~*~ (stealth).
 14194 | Lair:4   | 14194 ||| Stepping ~*~*~tactically~*~*~ (stealth).
 14199 | Lair:4   | 14199 ||| Stepping ~*~*~tactically~*~*~ (stealth).
 14200 | Lair:4   | 14200 ||| Stepping ~*~*~tactically~*~*~ (stealth).
 14205 | Lair:4   | 14205 ||| INVOKING Heroism.
 14206 | Lair:4   | 14206 ||| INVOKING Finesse.
 14213 | Lair:4   | 14213 ||| SWAPPING to +2 morningstar of freezing.
 14216 | Lair:4   | Reached skill level 12 in Shields
 14223 | Lair:4   | 14223 ||| SWAPPING to +2 vorpal war axe.
 14229 | Lair:4   | Reached skill level 9 in Armour
 14322 | Lair:4   | 14322 ||| INVOKING Heroism.
 14340 | Lair:4   | 14340 ||| Stepping ~*~*~tactically~*~*~ (stealth).
 14342 | Lair:4   | Received a gift from Okawaru
 14344 | Lair:4   | 14344 ||| SWAPPING to +0 war axe of electrocution.
 14345 | Lair:4   | 14345 ||| DROPPING +2 vorpal war axe.
 14364 | Lair:4   | 14364 ||| Stepping ~*~*~tactically~*~*~ (stealth).
 14367 | Lair:4   | 14367 ||| INVOKING Heroism.
 14502 | Lair:5   | Entered Level 5 of the Lair of Beasts
 14543 | Lair:5   | 14543 ||| Stepping ~*~*~tactically~*~*~ (stealth).
 14545 | Lair:5   | 14545 ||| INVOKING Heroism.
 14546 | Lair:5   | 14546 ||| INVOKING Finesse.
 14550 | Lair:5   | 14550 ||| Stepping ~*~*~tactically~*~*~ (stealth).
 14562 | Lair:5   | 14562 ||| Stepping ~*~*~tactically~*~*~ (stealth).
 14607 | Lair:5   | 14607 ||| Stepping ~*~*~tactically~*~*~ (stealth).
 14608 | Lair:5   | 14608 ||| Stepping ~*~*~tactically~*~*~ (stealth).
 14679 | Lair:5   | 14679 ||| Stepping ~*~*~tactically~*~*~ (stealth).
 14682 | Lair:5   | 14682 ||| Stepping ~*~*~tactically~*~*~ (stealth).
 14701 | Lair:5   | Found a viscous altar of Jiyva.
 14702 | Lair:5   | Found a staircase to the Slime Pits.
 14704 | Lair:5   | 14704 ||| INVOKING Heroism.
 14773 | Lair:5   | 14773 ||| INVOKING Heroism.
 14774 | Lair:5   | 14774 ||| INVOKING Finesse.
 14824 | Lair:5   | 14824 ||| Stepping ~*~*~tactically~*~*~ (stealth).
 14826 | Lair:5   | 14826 ||| Stepping ~*~*~tactically~*~*~ (stealth).
 14828 | Lair:5   | 14828 ||| INVOKING Heroism.
 14832 | Lair:5   | 14832 ||| Stepping ~*~*~tactically~*~*~ (stealth).
 14841 | Lair:5   | Received a gift from Okawaru
 14866 | Lair:5   | 14866 ||| INVOKING Heroism.
 14992 | Lair:5   | 14992 ||| FLEEEEING.
 14994 | Lair:5   | 14994 ||| FLEEEEING.
 14995 | Lair:5   | 14995 ||| Stepping ~*~*~tactically~*~*~ (stealth).
 14996 | Lair:5   | 14996 ||| INVOKING Heroism.
 15000 | Lair:5   | 15000 ||| INVOKING Finesse.
 15029 | Lair:5   | Gained mutation: Your large and strong wings let you fly.
                  | [Gargoyle growth]
 15029 | Lair:5   | Reached XP level 14. HP: 75/86 MP: 16/21
 15129 | Lair:5   | 15129 ||| Stepping ~*~*~tactically~*~*~ (stealth).
 15146 | Lair:5   | Found the +5 lochaber axe {reach-cleave, poleaxe Drain}
 15160 | Lair:5   | 15160 ||| Stepping ~*~*~tactically~*~*~ (stealth).
 15161 | Lair:5   | 15161 ||| Stepping ~*~*~tactically~*~*~ (stealth).
 15164 | Lair:5   | 15164 ||| INVOKING Heroism.
 15330 | Lair:5   | 15330 ||| INVOKING Heroism.
 15364 | Lair:5   | 15364 ||| Stepping ~*~*~tactically~*~*~ (stealth).
 15367 | Lair:5   | 15367 ||| Stepping ~*~*~tactically~*~*~ (stealth).
 15384 | Lair:5   | Identified the +0 hand axe "Blob" {vorpal, Contam Str+2
                  | SInv}
 15389 | Lair:5   | 15389 ||| READING scroll of enchant armour.
 15389 | Lair:5   | 15389 ||| ENCHANTING +5 crystal plate armour of
                  | ponderousness.
 15441 | Lair:5   | 15441 ||| Stepping ~*~*~tactically~*~*~ (hiding).
 15457 | Lair:5   | 15457 ||| INVOKING Heroism.
 15577 | Lair:5   | 15577 ||| INVOKING Heroism.
 15635 | Lair:5   | 15635 ||| INVOKING Heroism.
 15636 | Lair:5   | 15636 ||| INVOKING Finesse.
 15638 | Lair:5   | 15638 ||| SWAPPING to +2 morningstar of freezing.
 15645 | Lair:5   | 15645 ||| SWAPPING to +0 war axe of electrocution.
 15751 | Lair:5   | 15751 ||| INVOKING Heroism.
 15752 | Lair:5   | 15752 ||| INVOKING Finesse.
 15772 | Lair:5   | Received a gift from Okawaru
 15945 | Lair:5   | 15945 ||| Stepping ~*~*~tactically~*~*~ (hiding).
 15947 | Lair:5   | 15947 ||| INVOKING Heroism.
 15948 | Lair:5   | 15948 ||| INVOKING Finesse.
 15959 | Lair:5   | Reached skill level 15 in Shields
 16008 | Lair:5   | 16008 ||| INVOKING Heroism.
 16009 | Lair:5   | 16009 ||| INVOKING Finesse.
 16035 | Lair:5   | 16035 ||| Stepping ~*~*~tactically~*~*~ (hiding).
 16038 | Lair:5   | 16038 ||| Stepping ~*~*~tactically~*~*~ (hiding).
 16053 | Lair:5   | Identified the +9 sling "Keijyip" {flame, rC+ Will+}
                  | (Okawaru gifted it to you on level 5 of the Lair of Beasts)
 16053 | Lair:5   | Received a gift from Okawaru
 16067 | Lair:5   | 16067 ||| INVOKING Heroism.
 16143 | Lair:5   | 16143 ||| Stepping ~*~*~tactically~*~*~ (stealth).
 16145 | Lair:5   | 16145 ||| Stepping ~*~*~tactically~*~*~ (stealth).
 16148 | Lair:5   | 16148 ||| INVOKING Heroism.
 16149 | Lair:5   | 16149 ||| INVOKING Finesse.
 16150 | Lair:5   | 16150 ||| Stepping ~*~*~tactically~*~*~ (stealth).
 16164 | Lair:5   | Reached skill level 12 in Armour
 16255 | Lair:5   | 16255 ||| INVOKING Heroism.
 16256 | Lair:5   | 16256 ||| INVOKING Finesse.
 16348 | Lair:5   | 16348 ||| INVOKING Heroism.
 16352 | Lair:5   | 16352 ||| INVOKING Finesse.
 16585 | Lair:5   | 16585 ||| PLANNING D:1-11
 16585 | Lair:5   | 16585 ||| DROPPING +2 pair of gloves of stealth.
 16586 | Lair:5   | 16586 ||| DROPPING ring of wizardry.
 16710 | D:10     | Entered Level 10 of the Dungeon
 16726 | D:10     | Noticed Nergalle
 16729 | D:10     | 16729 ||| INVOKING Heroism.
 16735 | D:10     | Killed Nergalle
 16898 | D:10     | 16898 ||| Stepping ~*~*~tactically~*~*~ (stealth).
 16901 | D:10     | 16901 ||| Stepping ~*~*~tactically~*~*~ (stealth).
 16912 | D:10     | 16912 ||| FLEEEEING.
 16914 | D:10     | 16914 ||| FLEEEEING.
 16915 | D:10     | 16915 ||| FLEEEEING.
 16916 | D:10     | 16916 ||| FLEEEEING.
 16917 | D:10     | 16917 ||| FLEEEEING.
 16918 | D:10     | 16918 ||| FLEEEEING.
 16919 | D:10     | 16919 ||| FLEEEEING.
 16920 | D:10     | 16920 ||| FLEEEEING.
 16921 | D:10     | 16921 ||| FLEEEEING.
 16922 | D:10     | 16922 ||| FLEEEEING.
 16923 | D:10     | 16923 ||| FLEEEEING.
 16924 | D:10     | 16924 ||| FLEEEEING.
 16925 | D:10     | 16925 ||| FLEEEEING.
 16926 | D:10     | 16926 ||| FLEEEEING.
 16928 | D:10     | 16928 ||| FLEEEEING.
 16929 | D:10     | 16929 ||| FLEEEEING.
 16930 | D:10     | 16930 ||| FLEEEEING.
 16931 | D:10     | 16931 ||| FLEEEEING.
 16932 | D:10     | 16932 ||| FLEEEEING.
 16933 | D:10     | 16933 ||| FLEEEEING.
 16934 | D:10     | 16934 ||| FLEEEEING.
 16935 | D:10     | 16935 ||| FLEEEEING.
 16936 | D:10     | 16936 ||| FLEEEEING.
 17128 | D:10     | Found a glowing silver altar of Zin.
 17190 | D:10     | Found a runed translucent door.
 17195 | D:10     | Found a basalt altar of Yredelemnul.
 17454 | D:10     | 17454 ||| UPGRADING to +4 ring of evasion.
 17456 | D:10     | 17456 ||| UPGRADING to +6 ring of strength.
 17495 | D:11     | Found Wifa's Book Emporium.
 17497 | D:11     | 17497 ||| Stepping ~*~*~tactically~*~*~ (stealth).
 17499 | D:11     | 17499 ||| INVOKING Heroism.
 17500 | D:11     | 17500 ||| INVOKING Finesse.
 17831 | D:11     | 17831 ||| FLEEEEING.
 17832 | D:11     | 17832 ||| FLEEEEING.
 17833 | D:11     | 17833 ||| FLEEEEING.
 17834 | D:11     | 17834 ||| FLEEEEING.
 17835 | D:11     | 17835 ||| FLEEEEING.
 17836 | D:11     | 17836 ||| FLEEEEING.
 17837 | D:11     | 17837 ||| FLEEEEING.
 17838 | D:11     | 17838 ||| FLEEEEING.
 17839 | D:11     | 17839 ||| Stepping ~*~*~tactically~*~*~ (hiding).
 17840 | D:11     | 17840 ||| Stepping ~*~*~tactically~*~*~ (hiding).
 17860 | D:11     | 17860 ||| FLEEEEING.
 17861 | D:11     | 17861 ||| FLEEEEING.
 17862 | D:11     | 17862 ||| FLEEEEING.
 17863 | D:11     | 17863 ||| FLEEEEING.
 17864 | D:11     | 17864 ||| STAIRDANCE
 17972 | D:10     | 17972 ||| DROPPING amulet of faith.
 17973 | D:10     | 17973 ||| READING 11 scrolls of identify.
 17973 | D:10     | 17973 ||| IDENTIFYING emerald potion
 17974 | D:10     | 17974 ||| DROPPING potion of berserk rage.
 17977 | D:11     | 17977 ||| STAIRDANCE
 18001 | D:11     | 18001 ||| READING scroll of brand weapon.
 18001 | D:11     | 18001 ||| BRANDING +0 war axe of electrocution.
 18274 | D:11     | 18274 ||| PLANNING D
 18323 | D:12     | Reached XP level 15. HP: 92/92 MP: 22/22
 18420 | D:12     | 18420 ||| Stepping ~*~*~tactically~*~*~ (stealth).
 18515 | D:12     | 18515 ||| Stepping ~*~*~tactically~*~*~ (hiding).
 18516 | D:12     | 18516 ||| Stepping ~*~*~tactically~*~*~ (hiding).
 18549 | D:12     | 18549 ||| INVOKING Heroism.
 18557 | D:12     | 18557 ||| DRINKING 6 potions of curing.
 18557 | D:12     | 18557 ||| (to cure confusion)
 18915 | D:12     | 18915 ||| Stepping ~*~*~tactically~*~*~ (hiding).
 19219 | D:12     | 19219 ||| DROPPING amulet of magic regeneration.
 19245 | D:13     | 19245 ||| FLEEEEING.
 19246 | D:13     | 19246 ||| STAIRDANCE
 19329 | D:13     | 19329 ||| Stepping ~*~*~tactically~*~*~ (stealth).
 19331 | D:13     | 19331 ||| INVOKING Heroism.
 19332 | D:13     | 19332 ||| SWAPPING to +2 morningstar of freezing.
 19333 | D:13     | 19333 ||| INVOKING Finesse.
 19334 | D:13     | 19334 ||| Stepping ~*~*~tactically~*~*~ (stealth).
 19339 | D:13     | 19339 ||| Stepping ~*~*~tactically~*~*~ (stealth).
 19340 | D:13     | 19340 ||| SWAPPING to +0 war axe of draining.
 19345 | D:13     | Received a gift from Okawaru
 19346 | D:13     | 19346 ||| Stepping ~*~*~tactically~*~*~ (stealth).
 19348 | D:13     | 19348 ||| Stepping ~*~*~tactically~*~*~ (stealth).
 19360 | D:13     | Reached skill level 3 in Throwing
 19360 | D:13     | 19360 ||| Stepping ~*~*~tactically~*~*~ (stealth).
 19365 | D:13     | 19365 ||| Stepping ~*~*~tactically~*~*~ (stealth).
 19413 | D:13     | 19413 ||| READING scroll of enchant weapon.
 19413 | D:13     | 19413 ||| ENCHANTING +0 war axe of draining.
 19600 | D:13     | Noticed Josephine
 19613 | D:13     | Killed Josephine
 19965 | D:13     | 19965 ||| DROPPING scarf of invisibility.
 19966 | D:13     | 19966 ||| READING 11 scrolls of identify.
 19966 | D:13     | 19966 ||| IDENTIFYING fizzy white potion
 20131 | D:14     | 20131 ||| Stepping ~*~*~tactically~*~*~ (stealth).
 20132 | D:14     | 20132 ||| Stepping ~*~*~tactically~*~*~ (stealth).
 20135 | D:14     | 20135 ||| INVOKING Heroism.
 20138 | D:14     | Received a gift from Okawaru
 20218 | D:14     | 20218 ||| INVOKING Heroism.
 20274 | D:14     | 20274 ||| FLEEEEING.
 20275 | D:14     | 20275 ||| FLEEEEING.
 20276 | D:14     | 20276 ||| FLEEEEING.
 20277 | D:14     | 20277 ||| FLEEEEING.
 20278 | D:14     | 20278 ||| FLEEEEING.
 20279 | D:14     | 20279 ||| FLEEEEING.
 20351 | D:14     | Found a shadowy altar of Dithmenos.
 20383 | D:14     | 20383 ||| INVOKING Heroism.
 20471 | D:14     | 20471 ||| FLEEEEING.
 20472 | D:14     | 20472 ||| FLEEEEING.
 20473 | D:14     | 20473 ||| FLEEEEING.
 20474 | D:14     | 20474 ||| FLEEEEING.
 20475 | D:14     | 20475 ||| FLEEEEING.
 20476 | D:14     | 20476 ||| FLEEEEING.
 20493 | D:14     | 20493 ||| FLEEEEING.
 20496 | D:14     | 20496 ||| FLEEEEING.
 20499 | D:14     | 20499 ||| FLEEEEING.
 20500 | D:14     | 20500 ||| FLEEEEING.
 20501 | D:14     | 20501 ||| FLEEEEING.
 20502 | D:14     | 20502 ||| FLEEEEING.
 20503 | D:14     | 20503 ||| FLEEEEING.
 20504 | D:14     | 20504 ||| FLEEEEING.
 20505 | D:14     | 20505 ||| FLEEEEING.
 20511 | D:14     | 20511 ||| STAIRDANCE
 20968 | D:14     | 20968 ||| INVOKING Heroism.
 21118 | D:14     | Found a gate to the Vaults.
 21129 | D:14     | Received a gift from Okawaru
 21373 | D:15     | Entered Level 15 of the Dungeon
 21401 | D:15     | 21401 ||| INVOKING Heroism.
 21409 | D:15     | Received a gift from Okawaru
 21442 | D:15     | 21442 ||| SWAPPING to +4 broad axe of venom.
 21443 | D:15     | 21443 ||| DROPPING +1 war axe of draining.
 21460 | D:15     | 21460 ||| INVOKING Heroism.
 21518 | D:15     | Found a staircase to the Depths.
 21564 | D:15     | Noticed Nessos
 21565 | D:15     | 21565 ||| INVOKING Finesse.
 21578 | D:15     | 21578 ||| INVOKING Heroism.
 21607 | D:15     | Killed Nessos
 21713 | D:15     | 21713 ||| INVOKING Heroism.
 21714 | D:15     | 21714 ||| INVOKING Finesse.
 21716 | D:15     | 21716 ||| SWAPPING to +2 morningstar of freezing.
 21722 | D:15     | 21722 ||| SWAPPING to +4 broad axe of venom.
 22054 | D:15     | Identified the +8 dagger of Equilibrium {vorpal, rC- Dex+8
                  | Stlth-}
 22056 | D:15     | Found a snail-covered altar of Cheibriados.
 22059 | D:15     | Found Cheibriados's Comfort Zone.
 22404 | D:15     | 22404 ||| PLANNING ORC
 22404 | D:15     | 22404 ||| DROPPING ring of ice.
 22520 | D:9      | 22520 ||| DRINKING 5 potions of curing.
 22520 | D:9      | 22520 ||| (to cure confusion)
 22616 | Orc:1    | Entered Level 1 of the Orcish Mines
 22618 | Orc:1    | 22618 ||| Stepping ~*~*~tactically~*~*~ (hiding).
 22619 | Orc:1    | Noticed Fannar
 22621 | Orc:1    | 22621 ||| INVOKING Heroism.
 22641 | Orc:1    | Killed Fannar
 22642 | Orc:1    | 22642 ||| Stepping ~*~*~tactically~*~*~ (hiding).
 22644 | Orc:1    | 22644 ||| Stepping ~*~*~tactically~*~*~ (hiding).
 22647 | Orc:1    | 22647 ||| Stepping ~*~*~tactically~*~*~ (hiding).
 22757 | Orc:2    | Entered Level 2 of the Orcish Mines
 22757 | Orc:2    | Found Haiheih's Assorted Antiques.
 22758 | Orc:2    | 22758 ||| STAIRDANCE
 22760 | Orc:1    | 22760 ||| INVOKING Heroism.
 22766 | Orc:2    | 22766 ||| STAIRDANCE
 22772 | Orc:2    | 22772 ||| STAIRDANCE
 22777 | Orc:2    | 22777 ||| STAIRDANCE
 22788 | Orc:2    | 22788 ||| STAIRDANCE
 22790 | Orc:1    | 22790 ||| INVOKING Heroism.
 22809 | Orc:2    | Reached skill level 15 in Axes
 22834 | Orc:2    | 22834 ||| BUYING potion of mutation (272 gold).
 22834 | Orc:2    | Bought a potion of mutation for 272 gold pieces
 22834 | Orc:2    | 22834 ||| BUYING scroll of teleportation (102 gold).
 22834 | Orc:2    | Bought a scroll of teleportation for 102 gold pieces
 22834 | Orc:2    | 22834 ||| BUYING shiny helmet (255 gold).
 22834 | Orc:2    | Bought a shiny helmet for 255 gold pieces
 22869 | Orc:2    | 22869 ||| Stepping ~*~*~tactically~*~*~ (hiding).
 22874 | Orc:2    | 22874 ||| INVOKING Heroism.
 22914 | Orc:2    | 22914 ||| Stepping ~*~*~tactically~*~*~ (hiding).
 22972 | Orc:2    | 22972 ||| Stepping ~*~*~tactically~*~*~ (hiding).
 22973 | Orc:2    | 22973 ||| INVOKING Heroism.
 22976 | Orc:2    | Paralysed by an orc sorcerer for 4 turns
 22982 | Orc:2    | Reached XP level 16. HP: 100/100 MP: 21/23
 23009 | Orc:2    | 23009 ||| Stepping ~*~*~tactically~*~*~ (hiding).
 23010 | Orc:2    | 23010 ||| Stepping ~*~*~tactically~*~*~ (hiding).
 23014 | Orc:2    | 23014 ||| Stepping ~*~*~tactically~*~*~ (hiding).
 23022 | Orc:2    | 23022 ||| INVOKING Heroism.
 23024 | Orc:2    | 23024 ||| DRINKING 4 potions of curing.
 23024 | Orc:2    | 23024 ||| (to cure confusion)
 23138 | Orc:2    | 23138 ||| DROPPING +2 morningstar of freezing.
 23146 | Orc:2    | Found a staircase to the Elven Halls.
 23174 | Orc:2    | 23174 ||| Stepping ~*~*~tactically~*~*~ (hiding).
 23175 | Orc:2    | 23175 ||| Stepping ~*~*~tactically~*~*~ (hiding).
 23176 | Orc:2    | 23176 ||| Stepping ~*~*~tactically~*~*~ (hiding).
 23177 | Orc:2    | 23177 ||| Stepping ~*~*~tactically~*~*~ (hiding).
 23186 | Orc:2    | 23186 ||| Stepping ~*~*~tactically~*~*~ (hiding).
 23196 | Orc:2    | 23196 ||| INVOKING Heroism.
 23202 | Orc:2    | 23202 ||| INVOKING Finesse.
 23232 | Orc:2    | Received a gift from Okawaru
 23243 | Orc:2    | 23243 ||| Stepping ~*~*~tactically~*~*~ (stealth).
 23390 | Orc:2    | 23390 ||| Stepping ~*~*~tactically~*~*~ (stealth).
 23396 | Orc:2    | 23396 ||| Stepping ~*~*~tactically~*~*~ (stealth).
 23397 | Orc:2    | 23397 ||| Stepping ~*~*~tactically~*~*~ (stealth).
 23400 | Orc:2    | 23400 ||| Stepping ~*~*~tactically~*~*~ (stealth).
 23401 | Orc:2    | 23401 ||| INVOKING Heroism.
 23412 | Orc:2    | Reached skill level 12 in Fighting
 23473 | Orc:2    | 23473 ||| INVOKING Heroism.
 23489 | Orc:2    | Paralysed by an orc sorcerer for 4 turns
 23612 | Orc:2    | 23612 ||| INVOKING Heroism.
 23621 | Orc:2    | Received a gift from Okawaru
 23776 | Orc:2    | 23776 ||| INVOKING Heroism.
 23788 | Orc:2    | Received a gift from Okawaru
 23788 | Orc:2    | Found the +3 Mad Mage's Maulers {Infuse+∞ RegenMP Int-3}
 23824 | Orc:2    | 23824 ||| INVOKING Finesse.
 23832 | Orc:2    | 23832 ||| INVOKING Heroism.
 23836 | Orc:2    | Found Zinyhon's Magic Scroll Shoppe.
 24032 | Orc:2    | Found Qietatzu's Antique Armour Shoppe.
 24038 | Orc:2    | 24038 ||| BUYING 2 scrolls of teleportation (84 gold).
 24038 | Orc:2    | Bought 2 scrolls of teleportation for 84 gold pieces
 24038 | Orc:2    | 24038 ||| BUYING scroll of enchant armour (105 gold).
 24038 | Orc:2    | Bought a scroll of enchant armour for 105 gold pieces
 24038 | Orc:2    | 24038 ||| READING scroll of enchant armour.
 24038 | Orc:2    | 24038 ||| ENCHANTING +6 crystal plate armour of
                  | ponderousness.
 24043 | Orc:2    | 24043 ||| BUYING embroidered scarf (224 gold).
 24043 | Orc:2    | Bought an embroidered scarf for 224 gold pieces
 24050 | Orc:2    | 24050 ||| INVOKING Heroism.
 24099 | Orc:2    | 24099 ||| INVOKING Heroism.
 24100 | Orc:2    | 24100 ||| Stepping ~*~*~tactically~*~*~ (stealth).
 24101 | Orc:2    | 24101 ||| Stepping ~*~*~tactically~*~*~ (stealth).
 24118 | Orc:2    | 24118 ||| Stepping ~*~*~tactically~*~*~ (stealth).
 24119 | Orc:2    | 24119 ||| Stepping ~*~*~tactically~*~*~ (stealth).
 24138 | Orc:2    | Found Maimni's Antique Weapon Boutique.
 24249 | Orc:2    | 24249 ||| INVOKING Heroism.
 24254 | Orc:2    | Paralysed by an orc sorcerer for 3 turns
 24417 | Orc:2    | Found Aschysec's Book Shoppe.
 24418 | Orc:2    | 24418 ||| INVOKING Heroism.
 24419 | Orc:2    | 24419 ||| INVOKING Finesse.
 24471 | Orc:2    | 24471 ||| UPGRADING to +2 helmet.
 24476 | Orc:2    | 24476 ||| DROPPING scarf of shadows.
 24615 | Orc:1    | 24615 ||| INVOKING Heroism.
 24617 | Orc:1    | 24617 ||| Stepping ~*~*~tactically~*~*~ (stealth).
 24661 | Orc:1    | Found a runed translucent door.
 24782 | Orc:1    | Noticed Erolcha
 24783 | Orc:1    | 24783 ||| INVOKING Heroism.
 24794 | Orc:1    | Killed Erolcha
 24962 | Orc:1    | 24962 ||| Stepping ~*~*~tactically~*~*~ (hiding).
 24966 | Orc:1    | 24966 ||| INVOKING Heroism.
 25086 | Orc:1    | 25086 ||| PLANNING SNAKE:1-3
 25194 | Snake:1  | Entered Level 1 of the Snake Pit
 25294 | Snake:1  | Identified the +4 plate armour of Ryrhaxko {Rampage Will+
                  | Int+2}
 25318 | Snake:1  | Noticed Frances
 25319 | Snake:1  | 25319 ||| Stepping ~*~*~tactically~*~*~ (hiding).
 25320 | Snake:1  | 25320 ||| INVOKING Heroism.
 25321 | Snake:1  | 25321 ||| INVOKING Finesse.
 25343 | Snake:1  | Killed Frances
 25512 | Snake:1  | 25512 ||| Stepping ~*~*~tactically~*~*~ (hiding).
 25513 | Snake:1  | 25513 ||| Stepping ~*~*~tactically~*~*~ (hiding).
 25521 | Snake:1  | 25521 ||| INVOKING Heroism.
 25547 | Snake:1  | 25547 ||| Stepping ~*~*~tactically~*~*~ (stealth).
 25549 | Snake:1  | 25549 ||| Stepping ~*~*~tactically~*~*~ (hiding).
 25665 | Snake:1  | 25665 ||| Stepping ~*~*~tactically~*~*~ (hiding).
 25673 | Snake:1  | 25673 ||| INVOKING Heroism.
 25805 | Snake:1  | 25805 ||| Stepping ~*~*~tactically~*~*~ (hiding).
 25814 | Snake:1  | 25814 ||| INVOKING Heroism.
 26028 | Snake:1  | Found Pifauvam's Jewellery Boutique.
 26031 | Snake:1  | Found Moulakhla's Book Emporium.
 26032 | Snake:1  | Found Wila's Jewellery Boutique.
 26037 | Snake:1  | 26037 ||| BUYING amulet of reflection (390 gold).
 26037 | Snake:1  | Bought an amulet of reflection for 390 gold pieces
 26041 | Snake:1  | 26041 ||| BUYING +4 ring of protection (468 gold).
 26041 | Snake:1  | Bought a +4 ring of protection for 468 gold pieces
 26041 | Snake:1  | 26041 ||| SHOPLISTING ring of resist corrosion (260 gold,
                  | have 93).
 26284 | Snake:1  | 26284 ||| Stepping ~*~*~tactically~*~*~ (stealth).
 26927 | Snake:1  | 26927 ||| DROPPING +4 plate armour of Ryrhaxko {Rampage
                  | Will+ Int+2}.
 26928 | Snake:1  | 26928 ||| UPGRADING to +1 tower shield of protection.
 26938 | Snake:1  | 26938 ||| DROPPING +0 tower shield.
 26939 | Snake:1  | 26939 ||| UPGRADING to amulet of reflection.
 26949 | Snake:1  | 26949 ||| DROPPING amulet of the acrobat.
 26950 | Snake:1  | 26950 ||| UPGRADING to +4 ring of protection.
 26952 | Snake:1  | 26952 ||| DROPPING +6 ring of strength.
 26953 | Snake:1  | 26953 ||| READING scroll labelled QETYEH VYMPUE.
 27212 | Snake:2  | 27212 ||| Stepping ~*~*~tactically~*~*~ (stealth).
 27218 | Snake:2  | 27218 ||| INVOKING Heroism.
 27283 | Snake:2  | 27283 ||| READING scroll of enchant weapon.
 27283 | Snake:2  | 27283 ||| ENCHANTING +4 broad axe of venom.
 27345 | Snake:2  | 27345 ||| Stepping ~*~*~tactically~*~*~ (hiding).
 27365 | Snake:2  | 27365 ||| Stepping ~*~*~tactically~*~*~ (hiding).
 27569 | Snake:2  | 27569 ||| Stepping ~*~*~tactically~*~*~ (hiding).
 27596 | Snake:2  | 27596 ||| Stepping ~*~*~tactically~*~*~ (hiding).
 27771 | Snake:2  | 27771 ||| INVOKING Heroism.
 27773 | Snake:2  | 27773 ||| Stepping ~*~*~tactically~*~*~ (hiding).
 27781 | Snake:2  | Reached skill level 15 in Armour
 27827 | Snake:2  | 27827 ||| Stepping ~*~*~tactically~*~*~ (hiding).
 28062 | Snake:2  | 28062 ||| Stepping ~*~*~tactically~*~*~ (stealth).
 28161 | Snake:2  | 28161 ||| Stepping ~*~*~tactically~*~*~ (hiding).
 28236 | Snake:2  | 28236 ||| DROPPING scarf of shadows.
 28301 | Snake:3  | Received a gift from Okawaru
 28302 | Snake:3  | Reached XP level 17. HP: 103/106 MP: 24/24
 28336 | Snake:3  | 28336 ||| Stepping ~*~*~tactically~*~*~ (hiding).
 28339 | Snake:3  | 28339 ||| INVOKING Heroism.
 28360 | Snake:3  | HP: 19/106 [naga warrior/+0 halberd (19)]
 28361 | Snake:3  | 28361 ||| READING 18 scrolls of teleportation.
 28362 | Snake:3  | 28362 ||| DRINKING 8 potions of heal wounds.
 28435 | Snake:3  | 28435 ||| Stepping ~*~*~tactically~*~*~ (stealth).
 28438 | Snake:3  | 28438 ||| Stepping ~*~*~tactically~*~*~ (stealth).
 28440 | Snake:3  | 28440 ||| INVOKING Heroism.
 28459 | Snake:3  | Found Cicul's Jewellery Emporium.
 28479 | Snake:3  | 28479 ||| INVOKING Heroism.
 28486 | Snake:3  | Identified the -2 helmet of Okawaru's Esteem {rCorr MP+9}
                  | (Okawaru gifted it to you on level 3 of the Snake Pit)
 28486 | Snake:3  | Received a gift from Okawaru
 28500 | Snake:3  | 28500 ||| INVOKING Heroism.
 28521 | Snake:3  | 28521 ||| Stepping ~*~*~tactically~*~*~ (hiding).
 28581 | Snake:3  | 28581 ||| FLEEEEING.
 28681 | Snake:3  | 28681 ||| FLEEEEING.
 28683 | Snake:3  | 28683 ||| Stepping ~*~*~tactically~*~*~ (hiding).
 28685 | Snake:3  | 28685 ||| Stepping ~*~*~tactically~*~*~ (hiding).
 28689 | Snake:3  | 28689 ||| INVOKING Heroism.
 28741 | Snake:3  | 28741 ||| Stepping ~*~*~tactically~*~*~ (hiding).
 28787 | Snake:3  | 28787 ||| FLEEEEING.
 28788 | Snake:3  | 28788 ||| INVOKING Heroism.
 28986 | Snake:3  | 28986 ||| INVOKING Heroism.
 28990 | Snake:3  | 28990 ||| Stepping ~*~*~tactically~*~*~ (hiding).
 29048 | Snake:3  | 29048 ||| DROPPING +6 ring of dexterity.
 29054 | Snake:3  | 29054 ||| Stepping ~*~*~tactically~*~*~ (hiding).
 29178 | Snake:3  | 29178 ||| INVOKING Heroism.
 29258 | Snake:3  | 29258 ||| Stepping ~*~*~tactically~*~*~ (hiding).
 29385 | Snake:3  | Found Peec's General Store.
 29390 | Snake:3  | Found Zywil's Assorted Antiques.
 29393 | Snake:3  | 29393 ||| BUYING potion of attraction (48 gold).
 29393 | Snake:3  | Bought a potion of attraction for 48 gold pieces
 29396 | Snake:3  | 29396 ||| Stepping ~*~*~tactically~*~*~ (hiding).
 29469 | Snake:3  | 29469 ||| SHOPLISTING glowing war axe (175 gold, have 123).
 29473 | Snake:3  | 29473 ||| Stepping ~*~*~tactically~*~*~ (stealth).
 29482 | Snake:3  | 29482 ||| INVOKING Heroism.
 29518 | Snake:3  | 29518 ||| INVOKING Heroism.
 29876 | Snake:3  | 29876 ||| PLANNING SWAMP:1-3
 29876 | Snake:3  | 29876 ||| DROPPING +0 plate armour of poison resistance.
 29951 | Swamp:1  | Entered Level 1 of the Swamp
 29954 | Swamp:1  | 29954 ||| INVOKING Heroism.
 29956 | Swamp:1  | 29956 ||| SWAPPING to +1 hand axe of flaming.
 29964 | Swamp:1  | 29964 ||| SWAPPING to +5 broad axe of venom.
 29983 | Swamp:1  | 29983 ||| INVOKING Heroism.
 29994 | Swamp:1  | 29994 ||| Stepping ~*~*~tactically~*~*~ (stealth).
 30046 | Swamp:1  | 30046 ||| Stepping ~*~*~tactically~*~*~ (stealth).
 30048 | Swamp:1  | 30048 ||| Stepping ~*~*~tactically~*~*~ (stealth).
 30049 | Swamp:1  | 30049 ||| INVOKING Heroism.
 30369 | Swamp:1  | 30369 ||| INVOKING Heroism.
 30375 | Swamp:1  | 30375 ||| SWAPPING to +1 hand axe of flaming.
 30391 | Swamp:1  | 30391 ||| SWAPPING to +5 broad axe of venom.
 30446 | Swamp:1  | 30446 ||| Stepping ~*~*~tactically~*~*~ (hiding).
 30517 | Swamp:1  | 30517 ||| Stepping ~*~*~tactically~*~*~ (stealth).
 30522 | Swamp:1  | 30522 ||| INVOKING Heroism.
 30587 | Swamp:1  | 30587 ||| Stepping ~*~*~tactically~*~*~ (stealth).
 30588 | Swamp:1  | 30588 ||| Stepping ~*~*~tactically~*~*~ (stealth).
 30592 | Swamp:1  | 30592 ||| INVOKING Heroism.
 30692 | Swamp:1  | 30692 ||| READING scroll of enchant armour.
 30692 | Swamp:1  | 30692 ||| ENCHANTING +7 crystal plate armour of
                  | ponderousness.
 30697 | Swamp:1  | Identified the +10 sling "Goblin's Undoing" {speed, Dex+10}
 30734 | Swamp:1  | 30734 ||| Stepping ~*~*~tactically~*~*~ (hiding).
 30735 | Swamp:1  | 30735 ||| Stepping ~*~*~tactically~*~*~ (hiding).
 30736 | Swamp:1  | 30736 ||| Stepping ~*~*~tactically~*~*~ (hiding).
 30737 | Swamp:1  | 30737 ||| Stepping ~*~*~tactically~*~*~ (hiding).
 30738 | Swamp:1  | 30738 ||| Stepping ~*~*~tactically~*~*~ (hiding).
 30739 | Swamp:1  | 30739 ||| Stepping ~*~*~tactically~*~*~ (hiding).
 30897 | Swamp:1  | 30897 ||| INVOKING Heroism.
 30946 | Swamp:1  | 30946 ||| DROPPING +4 ring of slaying {mikee}.
 30963 | Swamp:2  | 30963 ||| READING scroll of brand weapon.
 30963 | Swamp:2  | 30963 ||| BRANDING +5 broad axe of venom.
 30979 | Swamp:2  | 30979 ||| Stepping ~*~*~tactically~*~*~ (hiding).
 31005 | Swamp:2  | 31005 ||| Stepping ~*~*~tactically~*~*~ (hiding).
 31009 | Swamp:2  | 31009 ||| Stepping ~*~*~tactically~*~*~ (hiding).
 31038 | Swamp:2  | 31038 ||| Stepping ~*~*~tactically~*~*~ (stealth).
 31039 | Swamp:2  | 31039 ||| Stepping ~*~*~tactically~*~*~ (stealth).
 31041 | Swamp:2  | 31041 ||| Stepping ~*~*~tactically~*~*~ (hiding).
 31085 | Swamp:2  | 31085 ||| Stepping ~*~*~tactically~*~*~ (hiding).
 31089 | Swamp:2  | 31089 ||| INVOKING Heroism.
 31090 | Swamp:2  | 31090 ||| SWAPPING to +1 hand axe of flaming.
 31102 | Swamp:2  | 31102 ||| SWAPPING to +5 broad axe of chaos.
 31226 | Swamp:2  | Found a transporter.
 31228 | Swamp:2  | Noticed Iffuusoj's ghost (adept MiBe)
 31400 | Swamp:2  | Found a transporter.
 31406 | Swamp:2  | 31406 ||| Stepping randomly (cloudy).
 31407 | Swamp:2  | 31407 ||| Stepping randomly (cloudy).
 31408 | Swamp:2  | 31408 ||| Stepping randomly (cloudy).
 31409 | Swamp:2  | 31409 ||| Stepping randomly (cloudy).
 31417 | Swamp:2  | 31417 ||| INVOKING Heroism.
 31420 | Swamp:2  | 31420 ||| Stepping randomly (cloudy).
 31522 | Swamp:3  | 31522 ||| STAIRDANCE
 31627 | Swamp:3  | 31627 ||| STAIRDANCE
 31637 | Swamp:3  | 31637 ||| STAIRDANCE
 31677 | Swamp:3  | 31677 ||| STAIRDANCE
 31682 | Swamp:3  | 31682 ||| STAIRDANCE
 31697 | Swamp:3  | 31697 ||| INVOKING Heroism.
 31700 | Swamp:3  | 31700 ||| SWAPPING to +1 hand axe of flaming.
 31700 | Swamp:3  | Noticed Mlioglotl
 31714 | Swamp:3  | 31714 ||| SWAPPING to +5 broad axe of chaos.
 31731 | Swamp:3  | HP: 24/108 [something (20)]
 31731 | Swamp:3  | Paralysed by accursed screaming for 1 turns
 31732 | Swamp:3  | HP: 5/108 [small abomination[Mlioglotl] (9)]
 31732 | Swamp:3  | Killed Mlioglotl
 31919 | Swamp:3  | 31919 ||| INVOKING Heroism.
 31955 | Swamp:3  | Received a gift from Okawaru
 31956 | Swamp:3  | 31956 ||| Stepping ~*~*~tactically~*~*~ (cloud).
 32204 | Swamp:3  | 32204 ||| Stepping ~*~*~tactically~*~*~ (stealth).
 32316 | Swamp:3  | 32316 ||| Stepping ~*~*~tactically~*~*~ (stealth).
 32352 | Swamp:3  | 32352 ||| INVOKING Heroism.
 32368 | Swamp:3  | HP: 16/108 [something/volley of thorns (19)]
 32369 | Swamp:3  | 32369 ||| READING 17 scrolls of teleportation.
 32370 | Swamp:3  | 32370 ||| DRINKING 8 potions of heal wounds.
 32481 | Swamp:3  | 32481 ||| Invisible monster not found???
 32626 | Swamp:3  | 32626 ||| Stepping ~*~*~tactically~*~*~ (stealth).
 32627 | Swamp:3  | 32627 ||| Stepping ~*~*~tactically~*~*~ (stealth).
 32629 | Swamp:3  | 32629 ||| Stepping ~*~*~tactically~*~*~ (stealth).
 32630 | Swamp:3  | 32630 ||| INVOKING Heroism.
 32773 | Swamp:3  | 32773 ||| Stepping ~*~*~tactically~*~*~ (stealth).
 32777 | Swamp:3  | Noticed Kirke
 32783 | Swamp:3  | 32783 ||| INVOKING Heroism.
 32789 | Swamp:3  | 32789 ||| DRINKING 3 potions of cancellation.
 32791 | Swamp:3  | 32791 ||| DRINKING 2 potions of cancellation.
 32793 | Swamp:3  | Killed Kirke
 32793 | Swamp:3  | Identified a scroll of acquirement
 32853 | Swamp:3  | 32853 ||| READING scroll of acquirement.
 32853 | Swamp:3  | 32853 ||| ACQUIRING 286 gold pieces
 32853 | Swamp:3  | Acquired 286 gold pieces
 32867 | Swamp:3  | 32867 ||| READING scroll of enchant weapon.
 32867 | Swamp:3  | 32867 ||| ENCHANTING +5 broad axe of chaos.
 33075 | Swamp:3  | Identified the +1 leather armour of Dishonour {rC+ Str+2
                  | Dex+4}
 33108 | Swamp:3  | 33108 ||| PLANNING SNAKE:4
 33220 | Snake:4  | Entered Level 4 of the Snake Pit
 33239 | Snake:4  | 33239 ||| INVOKING Heroism.
 33247 | Snake:4  | Received a gift from Okawaru
 33250 | Snake:4  | Reached XP level 18. HP: 104/114 MP: 23/25
 33323 | Snake:4  | 33323 ||| DROPPING +1 hand axe of flaming.
 33345 | Snake:4  | 33345 ||| INVOKING Heroism.
 33357 | Snake:4  | Received a gift from Okawaru
 33451 | Snake:4  | 33451 ||| INVOKING Heroism.
 33464 | Snake:4  | Noticed Aizul
 33471 | Snake:4  | 33471 ||| INVOKING Heroism.
 33491 | Snake:4  | HP: 15/114 [something (16)]
 33491 | Snake:4  | HP: 4/114 [naga/+1 halberd of pain (7)]
 33492 | Snake:4  | 33492 ||| READING 16 scrolls of teleportation.
 33493 | Snake:4  | 33493 ||| DRINKING 8 potions of heal wounds.
 33494 | Snake:4  | 33494 ||| DRINKING 7 potions of heal wounds.
 33496 | Snake:4  | Killed Aizul
 33496 | Snake:4  | Received a gift from Okawaru
 33498 | Snake:4  | 33498 ||| Stepping ~*~*~tactically~*~*~ (hiding).
 33609 | Snake:4  | 33609 ||| Invisible monster not found???
 33856 | Snake:4  | Found a transporter.
 33860 | Snake:4  | Noticed qw's ghost (adept GrFi)
 33895 | Snake:4  | Found a transporter.
 33940 | Snake:4  | Reached skill level 6 in Throwing
 33971 | Snake:4  | 33971 ||| INVOKING Heroism.
 34017 | Snake:4  | 34017 ||| Stepping ~*~*~tactically~*~*~ (stealth).
 34021 | Snake:4  | 34021 ||| Stepping ~*~*~tactically~*~*~ (stealth).
 34023 | Snake:4  | 34023 ||| Stepping ~*~*~tactically~*~*~ (hiding).
 34041 | Snake:4  | 34041 ||| STAIRDANCE
 34062 | Snake:4  | 34062 ||| INVOKING Heroism.
 34090 | Snake:4  | Received a gift from Okawaru
 34181 | Snake:4  | Noticed Roxanne
 34182 | Snake:4  | 34182 ||| INVOKING Heroism.
 34228 | Snake:4  | 34228 ||| INVOKING Heroism.
 34249 | Snake:4  | Killed Roxanne
 34473 | Snake:4  | 34473 ||| Stepping ~*~*~tactically~*~*~ (hiding).
 34639 | Snake:4  | 34639 ||| Stepping ~*~*~tactically~*~*~ (hiding).
 34666 | Snake:4  | 34666 ||| INVOKING Heroism.
 34676 | Snake:4  | Reached skill level 18 in Axes
 34697 | Snake:4  | 34697 ||| INVOKING Heroism.
 34706 | Snake:4  | Reached skill level 3 in Dodging
 34738 | Snake:4  | Noticed Saint Roka
 34739 | Snake:4  | 34739 ||| INVOKING Heroism.
 34769 | Snake:4  | Saint Roka changed into Saint Roka the acid blob
 34769 | Snake:4  | Noticed Saint Roka
 34771 | Snake:4  | HP: 23/114 [acid (6)]
 34772 | Snake:4  | 34772 ||| READING 16 scrolls of teleportation.
 34773 | Snake:4  | 34773 ||| DRINKING 7 potions of heal wounds.
 35084 | Snake:4  | 35084 ||| INVOKING Heroism.
 35086 | Snake:4  | Killed Saint Roka the acid blob
 35337 | Snake:4  | 35337 ||| INVOKING Heroism.
 35470 | Snake:4  | 35470 ||| Stepping ~*~*~tactically~*~*~ (hiding).
 35473 | Snake:4  | 35473 ||| INVOKING Heroism.
 35524 | Snake:4  | 35524 ||| INVOKING Heroism.
 35546 | Snake:4  | 35546 ||| INVOKING Heroism.
 35688 | Snake:4  | 35688 ||| INVOKING Heroism.
 35879 | Snake:4  | Got a serpentine rune of Zot
 35886 | Snake:4  | 35886 ||| PLANNING VAULTS:1-4
 36155 | Vaults:1 | Entered Level 1 of the Vaults
 36259 | Vaults:1 | 36259 ||| Stepping ~*~*~tactically~*~*~ (hiding).
 36260 | Vaults:1 | 36260 ||| Stepping ~*~*~tactically~*~*~ (hiding).
 36541 | Vaults:1 | 36541 ||| Stepping ~*~*~tactically~*~*~ (stealth).
 36543 | Vaults:1 | 36543 ||| INVOKING Finesse.
 36778 | Vaults:1 | 36778 ||| Stepping ~*~*~tactically~*~*~ (stealth).
 36793 | Vaults:1 | Identified the +0 helmet of Heresy {Drain rPois Int+2}
                  | (Okawaru gifted it to you on level 1 of the Vaults)
 36793 | Vaults:1 | Received a gift from Okawaru
 36855 | Vaults:1 | 36855 ||| Stepping ~*~*~tactically~*~*~ (hiding).
 36857 | Vaults:1 | 36857 ||| Stepping ~*~*~tactically~*~*~ (hiding).
 36872 | Vaults:1 | 36872 ||| Stepping ~*~*~tactically~*~*~ (stealth).
 36885 | Vaults:1 | 36885 ||| Stepping ~*~*~tactically~*~*~ (stealth).
 36887 | Vaults:1 | 36887 ||| Stepping ~*~*~tactically~*~*~ (stealth).
 36888 | Vaults:1 | 36888 ||| INVOKING Heroism.
 36905 | Vaults:1 | HP: 26/116 [dire elephant (15)]
 36906 | Vaults:1 | 36906 ||| READING 15 scrolls of teleportation.
 36907 | Vaults:1 | 36907 ||| DRINKING 6 potions of heal wounds.
 36908 | Vaults:1 | 36908 ||| DRINKING 5 potions of heal wounds.
 37169 | Vaults:1 | Reached XP level 19. HP: 119/121 MP: 26/26
 37188 | Vaults:1 | 37188 ||| Stepping ~*~*~tactically~*~*~ (hiding).
 37189 | Vaults:1 | 37189 ||| Stepping ~*~*~tactically~*~*~ (hiding).
 37194 | Vaults:1 | 37194 ||| INVOKING Heroism.
 37203 | Vaults:1 | Reached skill level 18 in Shields
 37228 | Vaults:1 | Found a huge runed gate.
 37228 | Vaults:1 | Found a huge runed gate.
 37228 | Vaults:1 | Found a huge runed gate.
 37228 | Vaults:1 | Found a huge runed gate.
 37228 | Vaults:1 | Found a huge runed gate.
 37228 | Vaults:1 | Found a huge runed gate.
 37228 | Vaults:1 | Found a huge runed gate.
 37229 | Vaults:1 | Found a huge runed gate.
 37229 | Vaults:1 | Found a huge runed gate.
 37229 | Vaults:1 | Found a huge runed gate.
 37233 | Vaults:1 | Found a huge runed gate.
 37233 | Vaults:1 | Found a huge runed gate.
 37233 | Vaults:1 | Found a huge runed gate.
 37233 | Vaults:1 | Found a huge runed gate.
 37233 | Vaults:1 | Found a huge runed gate.
 37233 | Vaults:1 | Found a huge runed gate.
 37234 | Vaults:1 | Found a huge runed gate.
 37235 | Vaults:1 | Found a huge runed gate.
 37236 | Vaults:1 | Found a huge runed gate.
 37244 | Vaults:1 | Found a huge runed gate.
 37244 | Vaults:1 | Found a huge runed gate.
 37244 | Vaults:1 | Found a huge runed gate.
 37244 | Vaults:1 | Found a huge runed gate.
 37244 | Vaults:1 | Found a huge runed gate.
 37244 | Vaults:1 | Found a huge runed gate.
 37245 | Vaults:1 | Found a huge runed gate.
 37246 | Vaults:1 | Found a huge runed gate.
 37250 | Vaults:1 | Identified the +2 robe "Argh" {rF+ rCorr Int-3}
 37256 | Vaults:1 | 37256 ||| INVOKING Heroism.
 37257 | Vaults:1 | 37257 ||| INVOKING Finesse.
 37433 | Vaults:1 | Found a huge runed gate.
 37441 | Vaults:1 | Found a huge runed gate.
 37441 | Vaults:1 | Found a huge runed gate.
 37441 | Vaults:1 | Found a huge runed gate.
 37441 | Vaults:1 | Found a huge runed gate.
 37441 | Vaults:1 | Found a huge runed gate.
 37441 | Vaults:1 | Found a huge runed gate.
 37442 | Vaults:1 | Found a huge runed gate.
 37443 | Vaults:1 | Found a huge runed gate.
 37476 | Vaults:1 | 37476 ||| INVOKING Heroism.
 37617 | Vaults:1 | 37617 ||| Stepping ~*~*~tactically~*~*~ (hiding).
 37619 | Vaults:1 | 37619 ||| Stepping ~*~*~tactically~*~*~ (hiding).
 37878 | Vaults:1 | 37878 ||| Stepping ~*~*~tactically~*~*~ (hiding).
 38258 | Vaults:1 | 38258 ||| DROPPING +0 helmet of Heresy {Drain rPois Int+2}.
 38295 | Vaults:2 | Paralysed by a great orb of eyes for 4 turns
 38396 | Vaults:2 | 38396 ||| Stepping ~*~*~tactically~*~*~ (hiding).
 38397 | Vaults:2 | 38397 ||| INVOKING Heroism.
 38399 | Vaults:2 | 38399 ||| INVOKING Finesse.
 38622 | Vaults:2 | 38622 ||| READING scroll of enchant armour.
 38622 | Vaults:2 | 38622 ||| ENCHANTING +8 crystal plate armour of
                  | ponderousness.
 38873 | Vaults:2 | 38873 ||| Stepping ~*~*~tactically~*~*~ (stealth).
 38875 | Vaults:2 | 38875 ||| Stepping ~*~*~tactically~*~*~ (stealth).
 38882 | Vaults:2 | Reached skill level 18 in Armour
 38894 | Vaults:2 | 38894 ||| FLEEEEING.
 38895 | Vaults:2 | 38895 ||| FLEEEEING.
 38897 | Vaults:2 | 38897 ||| FLEEEEING.
 38898 | Vaults:2 | 38898 ||| FLEEEEING.
 38900 | Vaults:2 | 38900 ||| FLEEEEING.
 38970 | Vaults:2 | 38970 ||| Stepping ~*~*~tactically~*~*~ (hiding).
 38971 | Vaults:2 | 38971 ||| Stepping ~*~*~tactically~*~*~ (hiding).
 39071 | Vaults:2 | 39071 ||| INVOKING Heroism.
 39253 | Vaults:2 | Found a staircase to the Crypt.
 39272 | Vaults:2 | 39272 ||| INVOKING Heroism.
 39295 | Vaults:2 | 39295 ||| INVOKING Heroism.
 39318 | Vaults:2 | Received a gift from Okawaru
 39319 | Vaults:2 | 39319 ||| FLEEEEING.
 39320 | Vaults:2 | 39320 ||| FLEEEEING.
 39325 | Vaults:2 | 39325 ||| FLEEEEING.
 39326 | Vaults:2 | 39326 ||| FLEEEEING.
 39327 | Vaults:2 | 39327 ||| FLEEEEING.
 39329 | Vaults:2 | 39329 ||| FLEEEEING.
 39331 | Vaults:2 | 39331 ||| Stepping ~*~*~tactically~*~*~ (hiding).
 39352 | Vaults:2 | 39352 ||| INVOKING Heroism.
 39397 | Vaults:2 | 39397 ||| READING scroll of acquirement.
 39397 | Vaults:2 | 39397 ||| ACQUIRING amulet "Natrod" {Spirit Contam rC+++
                  | rCorr SInv}
 39397 | Vaults:2 | Acquired the amulet "Natrod" {Spirit Contam rC+++ rCorr
                  | SInv}
 39399 | Vaults:2 | 39399 ||| UPGRADING to amulet "Natrod" {Spirit Contam rC+++
                  | rCorr SInv}.
 39446 | Vaults:2 | 39446 ||| INVOKING Heroism.
 39463 | Vaults:2 | Reached skill level 15 in Fighting
 39570 | Vaults:2 | 39570 ||| INVOKING Heroism.
 39571 | Vaults:2 | Noticed Margery
 39572 | Vaults:2 | 39572 ||| DRINKING 4 potions of resistance.
 39587 | Vaults:2 | 39587 ||| INVOKING Heroism.
 39601 | Vaults:2 | HP: 23/124 [Margery/+0 long sword (18)]
 39602 | Vaults:2 | 39602 ||| READING 14 scrolls of teleportation.
 39603 | Vaults:2 | 39603 ||| DRINKING 4 potions of heal wounds.
 39929 | Vaults:2 | 39929 ||| Stepping ~*~*~tactically~*~*~ (hiding).
 39977 | Vaults:2 | 39977 ||| FLEEEEING.
 40322 | Vaults:2 | 40322 ||| READING 13 scrolls of teleportation.
 40325 | Vaults:2 | 40325 ||| FLEEEEING.
 40326 | Vaults:2 | 40326 ||| FLEEEEING.
 40352 | Vaults:2 | Received a gift from Okawaru
 40374 | Vaults:2 | 40374 ||| DRINKING 3 potions of resistance.
 40379 | Vaults:2 | 40379 ||| INVOKING Heroism.
 40387 | Vaults:2 | HP: 21/124 [Margery/+0 long sword (28)]
 40388 | Vaults:2 | 40388 ||| READING 12 scrolls of teleportation.
 40389 | Vaults:2 | 40389 ||| DRINKING 3 potions of heal wounds.
 40393 | Vaults:2 | Killed Margery
 40490 | Vaults:2 | 40490 ||| FLEEEEING.
 40589 | Vaults:2 | 40589 ||| Stepping ~*~*~tactically~*~*~ (stealth).
 40722 | Vaults:2 | 40722 ||| Stepping ~*~*~tactically~*~*~ (hiding).
 40737 | Vaults:2 | 40737 ||| Stepping ~*~*~tactically~*~*~ (stealth).
 40780 | Vaults:2 | 40780 ||| Stepping ~*~*~tactically~*~*~ (stealth).
 40794 | Vaults:2 | Received a gift from Okawaru
 40805 | Vaults:2 | 40805 ||| INVOKING Heroism.
 40875 | Vaults:2 | 40875 ||| Stepping ~*~*~tactically~*~*~ (hiding).
 40881 | Vaults:2 | 40881 ||| INVOKING Heroism.
 40934 | Vaults:2 | 40934 ||| Stepping ~*~*~tactically~*~*~ (stealth).
 40936 | Vaults:2 | 40936 ||| Stepping ~*~*~tactically~*~*~ (hiding).
 40938 | Vaults:2 | 40938 ||| Stepping ~*~*~tactically~*~*~ (hiding).
 40976 | Vaults:2 | 40976 ||| INVOKING Heroism.
 41080 | Vaults:2 | Noticed Jory
 41081 | Vaults:2 | 41081 ||| INVOKING Heroism.
 41082 | Vaults:2 | 41082 ||| INVOKING Finesse.
 41091 | Vaults:2 | 41091 ||| Stepping ~*~*~tactically~*~*~ (stealth).
 41103 | Vaults:2 | Killed Jory
 41104 | Vaults:2 | Reached XP level 20. HP: 84/129 MP: 14/27
 41314 | Vaults:2 | 41314 ||| READING scroll of brand weapon.
 41314 | Vaults:2 | 41314 ||| BRANDING +6 broad axe of chaos.
 41382 | Vaults:2 | 41382 ||| DROPPING scarf of harm.
 41383 | Vaults:2 | 41383 ||| READING 25 scrolls of identify.
 41383 | Vaults:2 | 41383 ||| IDENTIFYING murky puce potion
 41453 | Vaults:3 | 41453 ||| STAIRDANCE
 41694 | Vaults:3 | 41694 ||| Stepping ~*~*~tactically~*~*~ (hiding).
 41695 | Vaults:3 | 41695 ||| Stepping ~*~*~tactically~*~*~ (hiding).
 41696 | Vaults:3 | 41696 ||| Stepping ~*~*~tactically~*~*~ (hiding).
 41698 | Vaults:3 | 41698 ||| Stepping ~*~*~tactically~*~*~ (hiding).
 41729 | Vaults:3 | 41729 ||| INVOKING Heroism.
 41744 | Vaults:3 | Reached skill level 9 in Throwing
 41891 | Vaults:3 | 41891 ||| READING scroll of brand weapon.
 41891 | Vaults:3 | 41891 ||| BRANDING +6 broad axe of flaming.
 41931 | Vaults:3 | 41931 ||| Stepping ~*~*~tactically~*~*~ (hiding).
 41932 | Vaults:3 | 41932 ||| Stepping ~*~*~tactically~*~*~ (hiding).
 42022 | Vaults:3 | 42022 ||| READING scroll of enchant weapon.
 42022 | Vaults:3 | 42022 ||| ENCHANTING +6 broad axe of electrocution.
 42101 | Vaults:3 | 42101 ||| INVOKING Heroism.
 42267 | Vaults:3 | 42267 ||| Stepping ~*~*~tactically~*~*~ (stealth).
 42322 | Vaults:3 | 42322 ||| Stepping ~*~*~tactically~*~*~ (stealth).
 42329 | Vaults:3 | 42329 ||| INVOKING Heroism.
 42399 | Vaults:3 | 42399 ||| INVOKING Heroism.
 42481 | Vaults:3 | 42481 ||| INVOKING Heroism.
 42665 | Vaults:3 | 42665 ||| FLEEEEING.
 42666 | Vaults:3 | 42666 ||| FLEEEEING.
 42667 | Vaults:3 | 42667 ||| FLEEEEING.
 42670 | Vaults:3 | 42670 ||| FLEEEEING.
 42671 | Vaults:3 | 42671 ||| FLEEEEING.
 42672 | Vaults:3 | 42672 ||| FLEEEEING.
 42676 | Vaults:3 | 42676 ||| FLEEEEING.
 42677 | Vaults:3 | 42677 ||| FLEEEEING.
 42680 | Vaults:3 | 42680 ||| FLEEEEING.
 42692 | Vaults:3 | 42692 ||| FLEEEEING.
 42693 | Vaults:3 | 42693 ||| FLEEEEING.
 42694 | Vaults:3 | 42694 ||| FLEEEEING.
 42695 | Vaults:3 | 42695 ||| FLEEEEING.
 42703 | Vaults:3 | 42703 ||| STAIRDANCE
 42807 | Vaults:3 | 42807 ||| STAIRDANCE
 42815 | Vaults:3 | 42815 ||| INVOKING Heroism.
 42822 | Vaults:3 | Paralysed by a great orb of eyes for 4 turns
 42825 | Vaults:3 | HP: 31/131 [vault warden/+2 glaive (3)]
 42826 | Vaults:3 | Slain by an orc warlord

Levels and vault maps discovered:
D:1:      saegor_arrival_simple_c, layout_rooms
D:2:      minmay_alternating_diamond, layout_basic,
          shapermc_ecumenical_altar_notcrosses, hangedman_decor_clover_reticule
D:3:      layout_basic, uniq_ijyb
D:4:      layout_gridville, chequers_serial_rivers_marsh, uniq_blork_the_orc
D:5:      layout_rooms
D:6:      layout_rooms, minmay_temple_entry_proselytizer, uniq_edmund
D:7:      layout_basic, moated_statue, nicolae_shop_fire_sale
          [nicolae_sub_dead_trees]
D:8:      layout_cave_pools, mainiacjoe_overflow_two_lobes
D:9:      layout_roguey, nzn_wu_jian_contemplation,
          mainiacjoe_overflow_surrounded_room, nicolae_ru_awakened_eye,
          lair_entry_dummy, erik_orc_2, uniq_grum
D:10:     layout_loops_ring, dk_yredelemnul_ordeal, kennysheep_mini,
          uniq_nergalle
D:11:     layout_basic, serial_shops, shop
D:12:     layout_cave_pods
D:13:     layout_rooms, uniq_josephine
D:14:     layout_roguey, grunt_vaults_entry_fortified, grunt_decor_mini_mirrors,
          grunt_dithmenos_shadows
D:15:     grunt_enter_depths_magical_seal, layout_long_grid,
          amcnicky_mini_pool_small, minmay_gold_behind_fungi, minmay_shop_chei,
          uniq_nessos
Temple:   hellmonk_temple_two_chambers
Lair:1:   layout_cave_pods, st_stairs_4, lemuel_fruit_fields, uniq_erica
Lair:2:   layout_regular_city, swamp_mist, guppyfry_snake_entry_garden,
          grunt_megastairs_3
Lair:3:   layout_roguey, gauntlet_entry_generic, dreamdust_deal_with_the_devil,
          grunt_megastairs_2
Lair:4:   nzn_winding_woodlands_three_and_one
          [nzn_winding_woodlands_5x15_garden, nzn_winding_woodlands_5x15_eye,
          nzn_winding_woodlands_5x15_sawtooth,
          nzn_winding_woodlands_center_triple_pond], layout_loops_ring,
          beast_lair_carwin_3
Lair:5:   evilmike_catoblepas_cave, layout_hall_layers,
          nicolae_slime_entry_slimehenge, eino_house_with_fridge,
          grunt_megastairs_1
Swamp:1:  layout_falls_marsh, evilmike_swamp_ruin_house_6, swamp_pool1,
          nzn_swamp_dancing_lights
Swamp:2:  layout_basic_swamp, gammafunk_ghost_mausoleum,
          nicolae_swamp_tree_designs
Swamp:3:  nicolae_swamp_long_stream, layout_basic_swamp,
          nicolae_swamp_orc_logging_accident, swamp_pool1, uniq_kirke,
          uniq_mlioglotl
Snake:1:  layout_chambers, grunt_megastairs_5, minmay_shop_grove, uniq_frances
Snake:2:  layout_misc_corridors, fake_guardian_serpent_vault,
          nicolae_triple_integral
Snake:3:  layout_honeycomb, serial_shops, shop, minmay_shop_star
Snake:4:  snake_pit_salamanders_mu, layout_cave_town,
          gammafunk_ghost_berserking_beasts, serial_bayou_shore_b, uniq_aizul,
          uniq_roxanne, uniq_saint_roka
Orc:1:    dreamdust_dug_too_deep, layout_caves, uniq_erolcha, uniq_fannar
Orc:2:    hellmonk_orc_salted, layout_diamond_mine, serial_shops, shop,
          lemuel_statue_altar, mines_bat_river
Vaults:1: door_vault, hangedman_vaults_cutoff, vaults_mumra_chevron,
          v_alt_pattern_2, v_misc_13, v_misc_23, hangedman_vaults_pinch,
          vaults_room_fours, ontoclasm_vaults_ring_large,
          hangedman_vaults_slice, nicolae_vaults_yaktaur_gun_rack,
          grunt_vaults_diagonal, ontoclasm_vaults_twist, vaults_room_semicircle,
          layout_vaults_big_cross
Vaults:2: v_misc_9, blue_anna_dwarven_crypt, v_misc_11, hangedman_vaults_locks,
          v_pattern_3, v_misc_25, v_misc_17, st_more_cells, v_misc_5,
          nicolae_vaults_hallways_thing, ontoclasm_vaults_chip,
          nicolae_vaults_specimen_jars, nicolae_vaults_diagonal_hallway_8,
          ontoclasm_vaults_ligature, layout_vaults_maze_snakey, serial_glass,
          uniq_jory, uniq_margery
Vaults:3: v_misc_16, ontoclasm_vaults_idyll, hangedman_vaults_maws,
          vaults_room_door_hall, grunt_vaults_funnel,
          ontoclasm_vaults_decontamination, v_misc_8, v_misc_30,
          v_alt_pattern_1, vaults_room_grid, layout_vaults_quadrants

Skill      XL: |  1  2  3  4  5  6  7  8  9 10 11 12 13 14 15 16 17 18 19 20 |
---------------+-------------------------------------------------------------+-----
Axes           | 2 3 4 5 7 8 9 11 12 13 15 16 17 18 | 18.0
Fighting       | 4 5 6 7 8 9 10 11 12 13 14 15 16 | 16.0
Dodging        | 1 2 3 |  3.0
Armour         | 5 6 7 8 11 12 13 15 16 17 19 | 19.0
Shields        | 4 5 6 11 14 15 16 17 18 19 | 19.0
Invocations    | 4 7 10 | 10.0
Throwing       | 1 2 4 7 8 9 |  9.0

Action                   |  1- 3 |  4- 6 |  7- 9 | 10-12 | 13-15 | 16-18 | 19-21 || total
-------------------------+-------+-------+-------+-------+-------+-------+-------++-------
Melee: War axe           |   101 |   112 |   343 |   555 |   939 |       |       ||  2050
       Morningstar       |       |       |       |     4 |    25 |       |       ||    29
       Broad axe         |       |       |       |       |   129 |  1586 |   795 ||  2510
       Hand axe          |       |       |       |       |       |    45 |       ||    45
Throw: Boomerang         |       |       |    19 |    99 |   134 |    65 |     7 ||   324
       Javelin           |       |       |       |       |     9 |    20 |    56 ||    85
Invok: Heroism           |       |       |     6 |    30 |    39 |    62 |    22 ||   159
       Finesse           |       |       |       |     2 |    16 |     5 |     3 ||    26
  Use: Scroll            |     5 |     2 |    12 |     6 |     5 |    12 |     9 ||    51
       Potion            |     1 |     3 |     3 |     2 |     2 |    10 |     4 ||    25
 Stab: Invisible         |       |     1 |       |       |       |       |       ||     1
       Paralysed         |       |       |       |       |       |     1 |       ||     1
       Confused          |       |       |       |       |       |       |     4 ||     4
       Petrifying        |       |       |       |       |       |       |     1 ||     1
Armor: Scale mail        |    40 |    55 |    18 |       |       |       |       ||   113
       Chain mail        |       |       |    47 |       |       |       |       ||    47
       Plate armour      |       |       |   172 |   225 |       |       |       ||   397
       Crystal plate arm |       |       |       |    71 |   422 |   766 |   306 ||  1565
Dodge: Dodged            |    50 |    43 |   142 |   169 |   220 |   359 |   145 ||  1128
Block: Buckler           |    17 |    22 |    70 |    71 |       |       |       ||   180
       Tower shield      |       |       |       |   116 |   832 |  1819 |   611 ||  3378
       Reflection        |       |       |       |       |       |   133 |    33 ||   166

Table legend:
 A = Non-vault XP
 B = Vault XP
 C = Vault XP percentage of total XP
 D = Non-vault monster count
 E = Vault monster count
 F = Vault count percentage of total count
                 A         B        C        D         E       F
            +---------+---------+-------+---------+---------+-------
      Total |  267496 |  167905 |  38.6 |     902 |     350 |  28.0
            +---------+---------+-------+---------+---------+-------
        D:1 |      36 |       0 |   0.0 |      22 |       0 |   0.0
        D:2 |      48 |      21 |  30.4 |      22 |       6 |  21.4
        D:3 |     199 |      38 |  16.0 |      28 |       1 |   3.4
        D:4 |     240 |     100 |  29.4 |      23 |       1 |   4.2
        D:5 |     767 |       0 |   0.0 |      29 |       0 |   0.0
        D:6 |    1443 |     198 |  12.1 |      28 |       2 |   6.7
        D:7 |    1500 |       0 |   0.0 |      29 |       0 |   0.0
        D:8 |    1849 |       0 |   0.0 |      26 |       0 |   0.0
        D:9 |    3201 |    1306 |  29.0 |      32 |      25 |  43.9
       D:10 |    1577 |     773 |  32.9 |      20 |       1 |   4.8
       D:11 |    3744 |       0 |   0.0 |      14 |       0 |   0.0
       D:12 |    5002 |       0 |   0.0 |      27 |       0 |   0.0
       D:13 |    4962 |    1966 |  28.4 |      10 |       6 |  37.5
       D:14 |    8636 |    6131 |  41.5 |      17 |      11 |  39.3
       D:15 |    6419 |    4644 |  42.0 |      14 |       9 |  39.1
     Lair:1 |    2272 |    1730 |  43.2 |      11 |       6 |  35.3
     Lair:2 |    3791 |     323 |   7.9 |      20 |       2 |   9.1
     Lair:3 |    2866 |      81 |   2.7 |      13 |       1 |   7.1
     Lair:4 |   10948 |    6314 |  36.6 |      31 |      13 |  29.5
     Lair:5 |   27931 |   13034 |  31.8 |      68 |      46 |  40.4
    Swamp:1 |   10762 |    1578 |  12.8 |      25 |       3 |  10.7
    Swamp:2 |    6138 |       0 |   0.0 |      15 |       0 |   0.0
    Swamp:3 |    8154 |    3619 |  30.7 |      20 |       7 |  25.9
    Snake:1 |   10124 |    2436 |  19.4 |      18 |       3 |  14.3
    Snake:2 |   11989 |     470 |   3.8 |      30 |       1 |   3.2
    Snake:3 |   31045 |       0 |   0.0 |      60 |       0 |   0.0
    Snake:4 |   28044 |   33013 |  54.1 |      56 |      62 |  52.5
      Orc:1 |    4349 |    1677 |  27.8 |      38 |       2 |   5.0
      Orc:2 |    5817 |   19517 |  77.0 |      39 |      53 |  57.6
   Vaults:1 |   18743 |   16302 |  46.5 |      31 |      24 |  43.6
   Vaults:2 |   20687 |   43637 |  67.8 |      36 |      53 |  59.6
   Vaults:3 |   24213 |    8997 |  27.1 |      50 |      12 |  19.4
            +---------+---------+-------+---------+---------+-------
